Workbook

Sheet ANEXO 1
A2: ANEXO 1
B3: RESULTADO DEL ANÁLISIS DE COSTOS BASADO EN OFERTAS ECONÓMICAS. (CUADRO COTIZACIONES )
B4: “ADQUIRIR, INSTALAR Y PONER EN FUNCIONAMIENTO SISTEMAS DE RESPALDO ENERGÉTICO ASÍ: GRUPO I: ADQUISICIÓN SISTEMAS DE SUPLENCIA DE ENERGÍA COMPUESTOS POR PLANTAS ELECTRICAS DE EMERGENCIA Y TRANSFERENCIAS AUTOMÁTICAS DE CARGA PARA SEDES DE LA FISCALÍA GENERAL DE LA NACIÓN A NIVEL NACIONAL. GRUPO II: COMPRAVENTA, TRANSPORTE, INSTALACIÓN, INTEGRACIÓN Y PUESTA EN FUNCIONAMIENTO DE UPSs PARA EL NIVEL CENTRAL DE LA FISCALÍA GENERAL DE LA NACIÓN. GRUPO III: PRESTAR EL SERVICIO DE MANTENIMIENTO PREVENTIVO Y CORRECTIVO TÉCNICO INTEGRAL ESPECIALIZADO CON SUMINISTRO DE INSUMOS Y REPUESTOS PARA LAS UPS MARCA VERTIV-LIEBERT DEL NIVEL CENTRAL DE LA FISCALÍA GENERAL DE LA NACIÓN..”
A5: ÍTEM | B5: UNIDAD DE MEDIDA | D5: CANTIDAD | G5: SUCOMPUTO S.A.S SUCOMPUTO INFRAESTRUCTURA TECNOLÓGICA S.A.S - licitaciones@sucomputo.com (AT 12 JUNIO) | L5: INVERSIONES Y SERVICIOS INVERSER LIMITADA d.ingenieria@inverser-ltda.com junio 12 (at) 90 dias vigencia | Q5: SERVITRONICS SAS (correo electronico sondeos) analistacomercial@servitronics.com 18/06/2026 vigencia 90 dias | V5: NEXERGY SAS (AT correo 24 junio) KAM@TERMIZ.COM vigencia 90 dias | AA5: ABC PLANTAS Y EQUIPOS S.A.S. (AT correo 24 junio) paolarubio@abcplantas.com vigencia 90 dias | AF5: ANALISIS DE VALORES SIN IVA | AK5: VALOR SELECCIONADO
G6: COTIZACIÓN 1 | L6: COTIZACIÓN 2 | R6: COTIZACIÓN 3 | V6: COTIZACIÓN 4 | AA6: COTIZACIÓN 5
A7: GRUPO I: ADQUISICIÓN SISTEMAS DE SUPLENCIA DE ENERGÍA ELECTRICA COMPUESTOS POR PLANTAS ELECTRICAS DE EMERGENCIA Y TRANSFERENCIAS AUTOMÁTICAS DE CARGA | G7: VALOR UNITARIO | H7: IVA | I7: VALOR UNITARIO CON IVA | J7: VALOR TOTAL INCLUIDO IVA | L7: VALOR UNITARIO | M7: IVA | N7: VALOR UNITARIO CON IVA | O7: VALOR TOTAL INCLUIDO IVA | Q7: VALOR UNITARIO | R7: IVA | S7: VALOR UNITARIO CON IVA | T7: VALOR TOTAL INCLUIDO IVA | V7: VALOR UNITARIO | W7: IVA | X7: VALOR UNITARIO CON IVA | Y7: VALOR TOTAL INCLUIDO IVA | AA7: VALOR UNITARIO | AB7: IVA | AC7: VALOR UNITARIO CON IVA | AD7: VALOR TOTAL INCLUIDO IVA | AF7: COTIZACION MAS BAJA | AG7: COTIZACION MAS ALTA | AH7: PROMEDIO | AI7: MEDIA ARITMETICA BAJA | AK7: VALOR UNITARIO | AL7: IVA | AM7: VALOR UNITARIO CON IVA | AN7: VALOR TOTAL INCLUIDO IVA
A8: 1 | B8: U | C8: Suministro, transporte, instalación, integración y puesta en funcionamiento de sistema de suplencia de energía bifásico compuesto por planta eléctrica de emergencia y transferencia automática de carga con capacidad de 5 a 6 KVA, voltaje 120/240V., 60 Hz., cumpliendo con la normatividad ambiental, técnica y de seguridad vigente y las recomendaciones del fabricante de los equipos y garantía y mantenimiento por tres (3) años, de acuerdo con lo descrito en la ficha técnica de bienes y servicios de características técnicas uniformes y de común utilización. | D8: 1 | H8: =ROUND(G8*19%,2) -> 0 | I8: =ROUND(G8+H8,2) -> 0 | J8: =ROUND(I8*D8,2) -> 0 | M8: =ROUND(L8*19%,2) -> 0 | N8: =ROUND(L8+M8,2) -> 0 | O8: =ROUND(N8*D8,2) -> 0 | R8: =ROUND(Q8*19%,2) -> 0 | S8: =ROUND(Q8+R8,2) -> 0 | T8: =ROUND(S8*I8,2) -> 0 | V8: 89939809 | W8: =ROUND(V8*19%,2) -> 17088564 | X8: =ROUND(V8+W8,2) -> 1.0702837e+08 | Y8: =ROUND(X8*D8,2) -> 1.0702837e+08 | AB8: =ROUND(AA8*19%,2) -> 0 | AC8: =ROUND(AA8+AB8,2) -> 0 | AD8: =ROUND(AC8*D8,2) -> 0 | AF8: =ROUND(MIN(V8),2) -> 89939809 | AG8: =ROUND(MAX(V8),2) -> 89939809 | AH8: =ROUND(AVERAGE(V8),2) -> 89939809 | AI8: =ROUND(AVERAGE(AF8,AH8),2) -> 89939809 | AK8: =AI8 -> 89939809 | AL8: =ROUND(AK8*19%,2) -> 17088564 | AM8: =ROUND(AK8+AL8,2) -> 1.0702837e+08 | AN8: =ROUND(AM8*D8,2) -> 1.0702837e+08
A9: 2 | C9: CSuministro, transporte, instalación, integración y puesta en funcionamiento de sistema de suplencia de energía trifásico compuesto por planta eléctrica de emergencia y transferencia automática de carga con capacidad de 10 a 13 KVA, voltaje 220/127V., 60 Hz., cumpliendo con la normatividad ambiental, técnica y de seguridad vigente y las recomendaciones del fabricante de los equipos y garantía y mantenimiento por tres (3) años, de acuerdo con lo descrito en la ficha técnica de bienes y servicios de características técnicas uniformes y de común utilización. | D9: 1 | V9: 94973823 | W9: =ROUND(V9*19%,2) -> 18045026 | X9: =ROUND(V9+W9,2) -> 1.1301885e+08 | Y9: =ROUND(X9*D9,2) -> 1.1301885e+08 | AA9: 78902417 | AB9: =ROUND(AA9*19%,2) -> 14991459 | AC9: =ROUND(AA9+AB9,2) -> 93893876 | AD9: =ROUND(AC9*D9,2) -> 93893876 | AF9: =ROUND(MIN(V9,AA9),2) -> 78902417 | AG9: =ROUND(MAX(V9,AA9),2) -> 94973823 | AH9: =ROUND(AVERAGE(V9,AA9),2) -> 86938120 | AI9: =ROUND(AVERAGE(AF9,AH9),2) -> 82920268 | AK9: =AI9 -> 82920268 | AL9: =ROUND(AK9*19%,2) -> 15754851 | AM9: =ROUND(AK9+AL9,2) -> 98675119 | AN9: =ROUND(AM9*D9,2) -> 98675119
A10: 3 | C10: Suministro, transporte, instalación, integración y puesta en funcionamiento de sistema de suplencia de energía trifásico compuesto por planta eléctrica de emergencia y transferencia automática de carga con capacidad de 15 a 17 KVA, voltaje 220/127V., 60 Hz., cumpliendo con la normatividad ambiental, técnica y de seguridad vigente y las recomendaciones del fabricante de los equipos y garantía y mantenimiento por tres (3) años, de acuerdo con lo descrito en la ficha técnica de bienes y servicios de características técnicas uniformes y de común utilización. | D10: 1 | V10: 98630286 | W10: =ROUND(V10*19%,2) -> 18739754 | X10: =ROUND(V10+W10,2) -> 117370040 | Y10: =ROUND(X10*D10,2) -> 117370040 | AA10: 79218206 | AB10: =ROUND(AA10*19%,2) -> 15051459 | AC10: =ROUND(AA10+AB10,2) -> 94269665 | AD10: =ROUND(AC10*D10,2) -> 94269665 | AF10: =ROUND(MIN(V10,AA10),2) -> 79218206 | AG10: =ROUND(MAX(V10,AA10),2) -> 98630286 | AH10: =ROUND(AVERAGE(V10,AA10),2) -> 88924246 | AI10: =ROUND(AVERAGE(AF10,AH10),2) -> 84071226 | AK10: =AI10 -> 84071226 | AL10: =ROUND(AK10*19%,2) -> 15973533 | AM10: =ROUND(AK10+AL10,2) -> 1.0004476e+08 | AN10: =ROUND(AM10*D10,2) -> 1.0004476e+08
A11: 4 | C11: Suministro, transporte, instalación, integración y puesta en funcionamiento de sistema de suplencia de energía trifásico compuesto por planta eléctrica de emergencia y transferencia automática de carga con capacidad de 20 a 22 KVA, voltaje 220/127V., 60 Hz., cumpliendo con la normatividad ambiental, técnica y de seguridad vigente y las recomendaciones del fabricante de los equipos y garantía y mantenimiento por tres (3) años, de acuerdo con lo descrito en la ficha técnica de bienes y servicios de características técnicas uniformes y de común utilización. | D11: 1 | V11: 1.1788209e+08 | W11: =ROUND(V11*19%,2) -> 22397598 | X11: =ROUND(V11+W11,2) -> 1.4027969e+08 | Y11: =ROUND(X11*D11,2) -> 1.4027969e+08 | AA11: 83844253 | AB11: =ROUND(AA11*19%,2) -> 15930408 | AC11: =ROUND(AA11+AB11,2) -> 99774661 | AD11: =ROUND(AC11*D11,2) -> 99774661 | AF11: =ROUND(MIN(V11,AA11),2) -> 83844253 | AG11: =ROUND(MAX(V11,AA11),2) -> 1.1788209e+08 | AH11: =ROUND(AVERAGE(V11,AA11),2) -> 1.0086317e+08 | AI11: =ROUND(AVERAGE(AF11,AH11),2) -> 92353713 | AK11: =AI11 -> 92353713 | AL11: =ROUND(AK11*19%,2) -> 17547206 | AM11: =ROUND(AK11+AL11,2) -> 1.0990092e+08 | AN11: =ROUND(AM11*D11,2) -> 1.0990092e+08
A12: 5 | C12: Suministro, transporte, instalación, integración y puesta en funcionamiento de sistema de suplencia de energía trifásico compuesto por planta eléctrica de emergencia y transferencia automática de carga con capacidad de 30 a 32 KVA, voltaje 220/127V., 60 Hz., cumpliendo con la normatividad ambiental, técnica y de seguridad vigente y las recomendaciones del fabricante de los equipos y garantía y mantenimiento por tres (3) años, de acuerdo con lo descrito en la ficha técnica de bienes y servicios de características técnicas uniformes y de común utilización. | D12: 1 | V12: 1.370447e+08 | W12: =ROUND(V12*19%,2) -> 26038494 | X12: =ROUND(V12+W12,2) -> 1.630832e+08 | Y12: =ROUND(X12*D12,2) -> 1.630832e+08 | AA12: 90728521 | AB12: =ROUND(AA12*19%,2) -> 17238419 | AC12: =ROUND(AA12+AB12,2) -> 1.0796694e+08 | AD12: =ROUND(AC12*D12,2) -> 1.0796694e+08 | AF12: =ROUND(MIN(V12,AA12),2) -> 90728521 | AG12: =ROUND(MAX(V12,AA12),2) -> 1.370447e+08 | AH12: =ROUND(AVERAGE(V12,AA12),2) -> 1.1388661e+08 | AI12: =ROUND(AVERAGE(AF12,AH12),2) -> 1.0230757e+08 | AK12: =AI12 -> 1.0230757e+08 | AL12: =ROUND(AK12*19%,2) -> 19438438 | AM12: =ROUND(AK12+AL12,2) -> 1.21746e+08 | AN12: =ROUND(AM12*D12,2) -> 1.21746e+08
A13: 6 | C13: Suministro, transporte, instalación, integración y puesta en funcionamiento de sistema de suplencia de energía trifásico compuesto por planta eléctrica de emergencia y transferencia automática de carga con capacidad de 40 a 42 KVA, voltaje 220/127V., 60 Hz., cumpliendo con la normatividad ambiental, técnica y de seguridad vigente y las recomendaciones del fabricante de los equipos y garantía y mantenimiento por tres (3) años, de acuerdo con lo descrito en la ficha técnica de bienes y servicios de características técnicas uniformes y de común utilización. | D13: 1 | V13: 1.5903886e+08 | W13: =ROUND(V13*19%,2) -> 30217383 | X13: =ROUND(V13+W13,2) -> 189256240 | Y13: =ROUND(X13*D13,2) -> 189256240 | AA13: 98474509 | AB13: =ROUND(AA13*19%,2) -> 18710157 | AC13: =ROUND(AA13+AB13,2) -> 1.1718467e+08 | AD13: =ROUND(AC13*D13,2) -> 1.1718467e+08 | AF13: =ROUND(MIN(V13,AA13),2) -> 98474509 | AG13: =ROUND(MAX(V13,AA13),2) -> 1.5903886e+08 | AH13: =ROUND(AVERAGE(V13,AA13),2) -> 1.2875668e+08 | AI13: =ROUND(AVERAGE(AF13,AH13),2) -> 1.136156e+08 | AK13: =AI13 -> 1.136156e+08 | AL13: =ROUND(AK13*19%,2) -> 21586963 | AM13: =ROUND(AK13+AL13,2) -> 1.3520256e+08 | AN13: =ROUND(AM13*D13,2) -> 1.3520256e+08
A14: 7 | C14: Suministro, transporte, instalación, integración y puesta en funcionamiento de sistema de suplencia de energía trifásico compuesto por planta eléctrica de emergencia y transferencia automática de carga con capacidad de 50 a 55 KVA, voltaje 220/127V., 60 Hz., cumpliendo con la normatividad ambiental, técnica y de seguridad vigente y las recomendaciones del fabricante de los equipos y garantía y mantenimiento por tres (3) años, de acuerdo con lo descrito en la ficha técnica de bienes y servicios de características técnicas uniformes y de común utilización. | D14: 1 | V14: 1.873659e+08 | W14: =ROUND(V14*19%,2) -> 35599522 | X14: =ROUND(V14+W14,2) -> 2.2296543e+08 | Y14: =ROUND(X14*D14,2) -> 2.2296543e+08 | AA14: 122910749 | AB14: =ROUND(AA14*19%,2) -> 23353042 | AC14: =ROUND(AA14+AB14,2) -> 1.4626379e+08 | AD14: =ROUND(AC14*D14,2) -> 1.4626379e+08 | AF14: =ROUND(MIN(V14,AA14),2) -> 122910749 | AG14: =ROUND(MAX(V14,AA14),2) -> 1.873659e+08 | AH14: =ROUND(AVERAGE(V14,AA14),2) -> 1.5513833e+08 | AI14: =ROUND(AVERAGE(AF14,AH14),2) -> 1.3902454e+08 | AK14: =AI14 -> 1.3902454e+08 | AL14: =ROUND(AK14*19%,2) -> 26414662 | AM14: =ROUND(AK14+AL14,2) -> 1.654392e+08 | AN14: =ROUND(AM14*D14,2) -> 1.654392e+08
A15: 8 | C15: Suministro, transporte, instalación, integración y puesta en funcionamiento de sistema de suplencia de energía trifásico compuesto por planta eléctrica de emergencia y transferencia automática de carga con capacidad de 75 a 80 KVA, voltaje 220/127V., 60 Hz., cumpliendo con la normatividad ambiental, técnica y de seguridad vigente y las recomendaciones del fabricante de los equipos y garantía y mantenimiento por tres (3) años, de acuerdo con lo descrito en la ficha técnica de bienes y servicios de características técnicas uniformes y de común utilización. | D15: 1 | V15: 1.9494914e+08 | W15: =ROUND(V15*19%,2) -> 37040337 | X15: =ROUND(V15+W15,2) -> 231989480 | Y15: =ROUND(X15*D15,2) -> 231989480 | AA15: 140555212 | AB15: =ROUND(AA15*19%,2) -> 26705490 | AC15: =ROUND(AA15+AB15,2) -> 1.672607e+08 | AD15: =ROUND(AC15*D15,2) -> 1.672607e+08 | AF15: =ROUND(MIN(V15,AA15),2) -> 140555212 | AG15: =ROUND(MAX(V15,AA15),2) -> 1.9494914e+08 | AH15: =ROUND(AVERAGE(V15,AA15),2) -> 1.6775218e+08 | AI15: =ROUND(AVERAGE(AF15,AH15),2) -> 1.5415369e+08 | AK15: =AI15 -> 1.5415369e+08 | AL15: =ROUND(AK15*19%,2) -> 29289202 | AM15: =ROUND(AK15+AL15,2) -> 1.834429e+08 | AN15: =ROUND(AM15*D15,2) -> 1.834429e+08
A16: 9 | C16: Suministro, transporte, instalación, integración y puesta en funcionamiento de sistema de suplencia de energía trifásico compuesto por planta eléctrica de emergencia y transferencia automática de carga con capacidad de 120 a 125 KVA, voltaje 220/127V., 60 Hz., cumpliendo con la normatividad ambiental, técnica y de seguridad vigente y las recomendaciones del fabricante de los equipos y garantía y mantenimiento por tres (3) años, de acuerdo con lo descrito en la ficha técnica de bienes y servicios de características técnicas uniformes y de común utilización. | D16: 1 | V16: 368368000 | W16: =ROUND(V16*19%,2) -> 69989920 | X16: =ROUND(V16+W16,2) -> 438357920 | Y16: =ROUND(X16*D16,2) -> 438357920 | AA16: 184983418 | AB16: =ROUND(AA16*19%,2) -> 35146849 | AC16: =ROUND(AA16+AB16,2) -> 2.2013027e+08 | AD16: =ROUND(AC16*D16,2) -> 2.2013027e+08 | AF16: =ROUND(MIN(V16,AA16),2) -> 184983418 | AG16: =ROUND(MAX(V16,AA16),2) -> 368368000 | AH16: =ROUND(AVERAGE(V16,AA16),2) -> 276675709 | AI16: =ROUND(AVERAGE(AF16,AH16),2) -> 2.3082956e+08 | AK16: =AI16 -> 2.3082956e+08 | AL16: =ROUND(AK16*19%,2) -> 43857617 | AM16: =ROUND(AK16+AL16,2) -> 2.7468718e+08 | AN16: =ROUND(AM16*D16,2) -> 2.7468718e+08
A17: 10 | C17: Suministro, transporte, instalación, integración y puesta en funcionamiento de sistema de suplencia de energía trifásico compuesto por planta eléctrica de emergencia y transferencia automática de carga con capacidad de 150 a 160 KVA, voltaje 220/127V., 60 Hz., cumpliendo con la normatividad ambiental, técnica y de seguridad vigente y las recomendaciones del fabricante de los equipos y garantía y mantenimiento por tres (3) años, de acuerdo con lo descrito en la ficha técnica de bienes y servicios de características técnicas uniformes y de común utilización. | D17: 1 | V17: 3.5555829e+08 | W17: =ROUND(V17*19%,2) -> 67556074 | X17: =ROUND(V17+W17,2) -> 423114360 | Y17: =ROUND(X17*D17,2) -> 423114360 | AA17: 214747700 | AB17: =ROUND(AA17*19%,2) -> 40802063 | AC17: =ROUND(AA17+AB17,2) -> 255549763 | AD17: =ROUND(AC17*D17,2) -> 255549763 | AF17: =ROUND(MIN(V17,AA17),2) -> 214747700 | AG17: =ROUND(MAX(V17,AA17),2) -> 3.5555829e+08 | AH17: =ROUND(AVERAGE(V17,AA17),2) -> 2.8515299e+08 | AI17: =ROUND(AVERAGE(AF17,AH17),2) -> 2.4995035e+08 | AK17: =AI17 -> 2.4995035e+08 | AL17: =ROUND(AK17*19%,2) -> 47490566 | AM17: =ROUND(AK17+AL17,2) -> 2.9744091e+08 | AN17: =ROUND(AM17*D17,2) -> 2.9744091e+08
A18: 11 | C18: Suministro, transporte, instalación, integración y puesta en funcionamiento de sistema de suplencia de energía trifásico compuesto por planta eléctrica de emergencia y transferencia automática de carga con capacidad de 250 a 260 KVA, voltaje 220/127V., 60 Hz., cumpliendo con la normatividad ambiental, técnica y de seguridad vigente y las recomendaciones del fabricante de los equipos y garantía y mantenimiento por tres (3) años, de acuerdo con lo descrito en la ficha técnica de bienes y servicios de características técnicas uniformes y de común utilización. | D18: 1 | V18: 5.1703257e+08 | W18: =ROUND(V18*19%,2) -> 98236189 | X18: =ROUND(V18+W18,2) -> 615268760 | Y18: =ROUND(X18*D18,2) -> 615268760 | AA18: 303565924 | AB18: =ROUND(AA18*19%,2) -> 57677526 | AC18: =ROUND(AA18+AB18,2) -> 3.6124345e+08 | AD18: =ROUND(AC18*D18,2) -> 3.6124345e+08 | AF18: =ROUND(MIN(V18,AA18),2) -> 303565924 | AG18: =ROUND(MAX(V18,AA18),2) -> 5.1703257e+08 | AH18: =ROUND(AVERAGE(V18,AA18),2) -> 4.1029925e+08 | AI18: =ROUND(AVERAGE(AF18,AH18),2) -> 3.5693259e+08 | AK18: =AI18 -> 3.5693259e+08 | AL18: =ROUND(AK18*19%,2) -> 67817191 | AM18: =ROUND(AK18+AL18,2) -> 4.2474978e+08 | AN18: =ROUND(AM18*D18,2) -> 4.2474978e+08
A19: 12 | C19: Suministro, transporte, instalación, integración y puesta en funcionamiento de sistema de suplencia de energía trifásico compuesto por planta eléctrica de emergencia y transferencia automática de carga con capacidad de 300 a 320 KVA, voltaje 220/127V., 60 Hz., cumpliendo con la normatividad ambiental, técnica y de seguridad vigente y las recomendaciones del fabricante de los equipos y garantía y mantenimiento por tres (3) años, de acuerdo con lo descrito en la ficha técnica de bienes y servicios de características técnicas uniformes y de común utilización. | D19: 1 | H19: =ROUND(G19*19%,2) -> 0 | I19: =ROUND(G19+H19,2) -> 0 | J19: =ROUND(I19*D19,2) -> 0 | M19: =ROUND(L19*19%,2) -> 0 | N19: =ROUND(L19+M19,2) -> 0 | O19: =ROUND(N19*D19,2) -> 0 | R19: =ROUND(Q19*19%,2) -> 0 | S19: =ROUND(Q19+R19,2) -> 0 | T19: =ROUND(S19*I19,2) -> 0 | V19: 5.0611314e+08 | W19: =ROUND(V19*19%,2) -> 96161497 | X19: =ROUND(V19+W19,2) -> 602274640 | Y19: =ROUND(X19*D19,2) -> 602274640 | AA19: 384965072 | AB19: =ROUND(AA19*19%,2) -> 73143364 | AC19: =ROUND(AA19+AB19,2) -> 4.5810844e+08 | AD19: =ROUND(AC19*D19,2) -> 4.5810844e+08 | AF19: =ROUND(MIN(V19,AA19),2) -> 384965072 | AG19: =ROUND(MAX(V19,AA19),2) -> 5.0611314e+08 | AH19: =ROUND(AVERAGE(V19,AA19),2) -> 4.4553911e+08 | AI19: =ROUND(AVERAGE(AF19,AH19),2) -> 4.1525209e+08 | AK19: =AI19 -> 4.1525209e+08 | AL19: =ROUND(AK19*19%,2) -> 78897897 | AM19: =ROUND(AK19+AL19,2) -> 4.9414999e+08 | AN19: =ROUND(AM19*D19,2) -> 4.9414999e+08
B20: VALOR TOTAL | H20: TOTAL GRUPO I: ADQUISICIÓN SISTEMAS DE SUPLENCIA DE ENERGÍA ELECTRICA COMPUESTOS POR PLANTAS ELECTRICAS DE EMERGENCIA Y TRANSFERENCIAS AUTOMÁTICAS DE CARGA | J20: =SUM(J8:J19) -> 0 | M20: TOTAL GRUPO I: ADQUISICIÓN SISTEMAS DE SUPLENCIA DE ENERGÍA ELECTRICA COMPUESTOS POR PLANTAS ELECTRICAS DE EMERGENCIA Y TRANSFERENCIAS AUTOMÁTICAS DE CARGA | O20: =SUM(O8:O19) -> 0 | R20: TOTAL GRUPO I: ADQUISICIÓN SISTEMAS DE SUPLENCIA DE ENERGÍA ELECTRICA COMPUESTOS POR PLANTAS ELECTRICAS DE EMERGENCIA Y TRANSFERENCIAS AUTOMÁTICAS DE CARGA | T20: =SUM(T8:T19) -> 0 | W20: TOTAL GRUPO I: ADQUISICIÓN SISTEMAS DE SUPLENCIA DE ENERGÍA ELECTRICA COMPUESTOS POR PLANTAS ELECTRICAS DE EMERGENCIA Y TRANSFERENCIAS AUTOMÁTICAS DE CARGA | Y20: =SUM(Y8:Y19) -> 3.364007e+09 | AB20: TOTAL GRUPO I: ADQUISICIÓN SISTEMAS DE SUPLENCIA DE ENERGÍA ELECTRICA COMPUESTOS POR PLANTAS ELECTRICAS DE EMERGENCIA Y TRANSFERENCIAS AUTOMÁTICAS DE CARGA | AD20: =SUM(AD9:AD19) -> 2.1216462e+09 | AL20: TOTAL GRUPO I: ADQUISICIÓN SISTEMAS DE SUPLENCIA DE ENERGÍA ELECTRICA COMPUESTOS POR PLANTAS ELECTRICAS DE EMERGENCIA Y TRANSFERENCIAS AUTOMÁTICAS DE CARGA | AN20: =SUM(AN8:AN19) -> 2.5125077e+09
B21: GRUPO II: ADQUISICIÓN UPSs TRIFÁSICAS ENTRE 20 Y 100 KVA
A22: 1 | C22: Suministro, transporte, instalación, integración y puesta en funcionamiento de UPS Trifásica de 20 KVA, tecnología Online, modular, con posibilidad de ampliación a futuro hasta 40 KVA, con bypass estático interno, incluye: Tarjeta de Red con RJ45 SNMP. Voltaje de entrada y salida 120/208V., 60 Hz., desmonte y traslado de equipos existentes, suministro e instalación de tablero de by pass manual externo, acometidas necesarias para su correcta instalación y buen funcionamiento, todo acorde con la capacidad de la UPS y garantía y mantenimiento por tres (3) años, de acuerdo con lo descrito en la ficha técnica de bienes y servicios de características técnicas uniformes y de común utilización | D22: 2 | G22: 1.5333046e+08 | H22: =ROUND(G22*19%,2) -> 29132788 | I22: =ROUND(G22+H22,2) -> 1.8246325e+08 | J22: =ROUND(I22*D22,2) -> 3.649265e+08 | L22: 1.9151243e+08 | M22: =ROUND(L22*19%,2) -> 36387362 | N22: =ROUND(L22+M22,2) -> 2.2789979e+08 | O22: =ROUND(N22*D22,2) -> 4.5579959e+08 | Q22: 1.7788795e+08 | R22: =ROUND(Q22*19%,2) -> 33798711 | S22: =ROUND(Q22+R22,2) -> 2.1168666e+08 | T22: =ROUND(S22*D22,2) -> 4.2337333e+08 | W22: =ROUND(V22*19%,2) -> 0 | X22: =ROUND(V22+W22,2) -> 0 | Y22: =ROUND(X22*I22,2) -> 0 | AB22: =ROUND(AA22*19%,2) -> 0 | AC22: =ROUND(AA22+AB22,2) -> 0 | AD22: =ROUND(AC22*M22,2) -> 0 | AF22: =ROUND(MIN(G22,L22,Q22),2) -> 1.5333046e+08 | AG22: =ROUND(MAX(G22,L22,Q22),2) -> 1.9151243e+08 | AH22: =ROUND(AVERAGE(G22,L22,Q22),2) -> 1.7424362e+08 | AI22: =ROUND(AVERAGE(AF22,AH22),2) -> 1.6378704e+08 | AK22: =AI22 -> 1.6378704e+08 | AL22: =ROUND(AK22*19%,2) -> 31119537 | AM22: =ROUND(AK22+AL22,2) -> 1.9490658e+08 | AN22: =ROUND(AM22*D22,2) -> 3.8981315e+08
A23: 2 | C23: Suministro, transporte, instalación, integración y puesta en funcionamiento de un sistema compuesto por dos (2) UPS Trifásica de 40 KVA, frame 40 KVA, tecnología Online, modular, con bypass estático interno, tarjeta de Red con RJ45 SNMP. Voltaje de entrada y salida 120/208V., 60 Hz., desmonte y traslado de equipos existentes, suministro e instalación de tablero de by pass manual externo y conexión paralelo en configuración N+1 de las UPS. Incluye levantamiento de planos arquitectónicos básicos y eléctricos del laboratorio, se entregan diagramas existentes y futuros con la descripción detallada de los ajustes necesarios para dejar la instalación con el cumplimiento de la norma Colombiana vigente, modificaciones básicas de señalización y barreras de protección, al igual que la acometida de alimentación a tablero de distribución en pasillo y las acometidas necesarias para su correcta instalación y buen funcionamiento, todo acorde con la capacidad de las UPSs y garantía y mantenimiento por tres (3) años, de acuerdo con lo descrito en la ficha técnica de bienes y servicios de características técnicas uniformes y de común utilización. | D23: 1 | G23: 3.8814401e+08 | H23: =ROUND(G23*19%,2) -> 73747362 | I23: =ROUND(G23+H23,2) -> 4.6189137e+08 | J23: =ROUND(I23*D23,2) -> 4.6189137e+08 | L23: 5.4304804e+08 | M23: =ROUND(L23*19%,2) -> 1.0317913e+08 | N23: =ROUND(L23+M23,2) -> 6.4622717e+08 | O23: =ROUND(N23*D23,2) -> 6.4622717e+08 | Q23: 3.9611066e+08 | R23: =ROUND(Q23*19%,2) -> 75261026 | S23: =ROUND(Q23+R23,2) -> 4.7137169e+08 | T23: =ROUND(S23*D23,2) -> 4.7137169e+08 | W23: =ROUND(V23*19%,2) -> 0 | X23: =ROUND(V23+W23,2) -> 0 | Y23: =ROUND(X23*I23,2) -> 0 | AB23: =ROUND(AA23*19%,2) -> 0 | AC23: =ROUND(AA23+AB23,2) -> 0 | AD23: =ROUND(AC23*M23,2) -> 0 | AF23: =ROUND(MIN(G23,L23,Q23),2) -> 3.8814401e+08 | AG23: =ROUND(MAX(G23,L23,Q23),2) -> 5.4304804e+08 | AH23: =ROUND(AVERAGE(G23,L23,Q23),2) -> 4.4243424e+08 | AI23: =ROUND(AVERAGE(AF23,AH23),2) -> 4.1528913e+08 | AK23: =AI23 -> 4.1528913e+08 | AL23: =ROUND(AK23*19%,2) -> 78904934 | AM23: =ROUND(AK23+AL23,2) -> 4.9419406e+08 | AN23: =ROUND(AM23*D23,2) -> 4.9419406e+08
A24: 3 | C24: Suministro, transporte, instalación, integración y puesta en funcionamiento de UPS Trifásica de 100 KVA, tecnología Online, modular, con bypass estático interno, incluye: Tarjeta de Red con RJ45 SNMP. Voltaje de entrada y salida 120/208V., 60 Hz., desmonte y traslado de equipos existentes, suministro e instalación de tablero de by pass manual externo, acometidas necesarias para su correcta instalación y buen funcionamiento, todo acorde con la capacidad de la UPS y garantía y mantenimiento por tres (3) años, de acuerdo con l descrito en la ficha técnica de bienes y servicios de características técnicas uniformes y de común utilización. | D24: 1 | G24: 4.01755e+08 | H24: =ROUND(G24*19%,2) -> 76333451 | I24: =ROUND(G24+H24,2) -> 4.7808845e+08 | J24: =ROUND(I24*D24,2) -> 4.7808845e+08 | L24: 6.2650731e+08 | M24: =ROUND(L24*19%,2) -> 1.1903639e+08 | N24: =ROUND(L24+M24,2) -> 7.455437e+08 | O24: =ROUND(N24*D24,2) -> 7.455437e+08 | Q24: 5.0406518e+08 | R24: =ROUND(Q24*19%,2) -> 95772385 | S24: =ROUND(Q24+R24,2) -> 5.9983757e+08 | T24: =ROUND(S24*D24,2) -> 5.9983757e+08 | W24: =ROUND(V24*19%,2) -> 0 | X24: =ROUND(V24+W24,2) -> 0 | Y24: =ROUND(X24*I24,2) -> 0 | AB24: =ROUND(AA24*19%,2) -> 0 | AC24: =ROUND(AA24+AB24,2) -> 0 | AD24: =ROUND(AC24*M24,2) -> 0 | AF24: =ROUND(MIN(G24,L24,Q24),2) -> 4.01755e+08 | AG24: =ROUND(MAX(G24,L24,Q24),2) -> 6.2650731e+08 | AH24: =ROUND(AVERAGE(G24,L24,Q24),2) -> 5.1077583e+08 | AI24: =ROUND(AVERAGE(AF24,AH24),2) -> 4.5626542e+08 | AK24: =AI24 -> 4.5626542e+08 | AL24: =ROUND(AK24*19%,2) -> 86690429 | AM24: =ROUND(AK24+AL24,2) -> 5.4295585e+08 | AN24: =ROUND(AM24*D24,2) -> 5.4295585e+08
H25: TOTAL GRUPO II: ADQUISICIÓN UPSs TRIFÁSICAS ENTRE 20 Y 100 KVA | J25: =SUM(J22:J24) -> 1.3049063e+09 | M25: TOTAL GRUPO II: ADQUISICIÓN UPSs TRIFÁSICAS ENTRE 20 Y 100 KVA | O25: =SUM(O22:O24) -> 1.8475705e+09 | R25: TOTAL GRUPO II: ADQUISICIÓN UPSs TRIFÁSICAS ENTRE 20 Y 100 KVA | T25: =SUM(T22:T24) -> 1.4945826e+09 | W25: TOTAL GRUPO II: ADQUISICIÓN UPSs TRIFÁSICAS ENTRE 20 Y 100 KVA | Y25: =SUM(Y22:Y24) -> 0 | AB25: TOTAL GRUPO II: ADQUISICIÓN UPSs TRIFÁSICAS ENTRE 20 Y 100 KVA | AD25: =SUM(AD22:AD24) -> 0 | AL25: TOTAL GRUPO II: ADQUISICIÓN UPSs TRIFÁSICAS ENTRE 20 Y 100 KVA | AN25: =SUM(AN22:AN24) -> 1.4269631e+09
B26: GRUPO III: MANTENIMIENTO UPS MARCA VERTIV-LIEBERT
A27: 1 | C27: Mantenimiento preventivo y correctivo técnico integral especializado con suministro de insumos y repuestos para UPS marca VERTIV-LIEBERT, referencia eXM de 20 KVA, incluye cambio de banco de baterías de 12 V., 17 Ah., x 24 unidades, garantía y mantenimiento por tres (3) años, según cantidades, especificaciones y características descritas en la ficha técnica anexa. | D27: 1 | G27: 10417722 | H27: =ROUND(G27*19%,2) -> 1979367.1 | I27: =ROUND(G27+H27,2) -> 12397089 | J27: =ROUND(I27*D27,2) -> 12397089 | L27: 13787350 | M27: =ROUND(L27*19%,2) -> 2619596.4 | N27: =ROUND(L27+M27,2) -> 16406946 | O27: =ROUND(N27*D27,2) -> 16406946 | Q27: 12340884 | R27: =ROUND(Q27*19%,2) -> 2344768 | S27: =ROUND(Q27+R27,2) -> 14685652 | T27: =ROUND(S27*D27,2) -> 14685652 | W27: =ROUND(V27*19%,2) -> 0 | X27: =ROUND(V27+W27,2) -> 0 | Y27: =ROUND(X27*I27,2) -> 0 | AB27: =ROUND(AA27*19%,2) -> 0 | AC27: =ROUND(AA27+AB27,2) -> 0 | AD27: =ROUND(AC27*M27,2) -> 0 | AF27: =ROUND(MIN(G27,L27,Q27),2) -> 10417722 | AG27: =ROUND(MAX(G27,L27,Q27),2) -> 13787350 | AH27: =ROUND(AVERAGE(G27,L27,Q27),2) -> 12181985 | AI27: =ROUND(AVERAGE(AF27,AH27),2) -> 11299853 | AK27: =AI27 -> 11299853 | AL27: =ROUND(AK27*19%,2) -> 2146972.1 | AM27: =ROUND(AK27+AL27,2) -> 13446826 | AN27: =ROUND(AM27*D27,2) -> 13446826
A28: 2 | C28: Mantenimiento preventivo y correctivo técnico integral especializado con suministro de insumos y repuestos para UPS marca VERTIV-LIEBERT, referencia eXM de 20 KVA, incluye cambio de banco de baterías de 12 V., 26 Ah., x 24 unidades, garantía y mantenimiento por tres (3) años, según cantidades, especificaciones y características descritas en la ficha técnica anexa. | D28: 2 | G28: 13366496 | H28: =ROUND(G28*19%,2) -> 2539634.2 | I28: =ROUND(G28+H28,2) -> 15906130 | J28: =ROUND(I28*D28,2) -> 31812260 | L28: 16850252 | M28: =ROUND(L28*19%,2) -> 3201548 | N28: =ROUND(L28+M28,2) -> 20051800 | O28: =ROUND(N28*D28,2) -> 40103601 | Q28: 15721884 | R28: =ROUND(Q28*19%,2) -> 2987158 | S28: =ROUND(Q28+R28,2) -> 18709042 | T28: =ROUND(S28*D28,2) -> 37418084 | W28: =ROUND(V28*19%,2) -> 0 | X28: =ROUND(V28+W28,2) -> 0 | Y28: =ROUND(X28*I28,2) -> 0 | AB28: =ROUND(AA28*19%,2) -> 0 | AC28: =ROUND(AA28+AB28,2) -> 0 | AD28: =ROUND(AC28*M28,2) -> 0 | AF28: =ROUND(MIN(G28,L28),2) -> 13366496 | AG28: =ROUND(MAX(G28,L28),2) -> 16850252 | AH28: =ROUND(AVERAGE(G28,L28),2) -> 15108374 | AI28: =ROUND(AVERAGE(AF28,AH28),2) -> 14237435 | AK28: =AI28 -> 14237435 | AL28: =ROUND(AK28*19%,2) -> 2705112.7 | AM28: =ROUND(AK28+AL28,2) -> 16942548 | AN28: =ROUND(AM28*D28,2) -> 33885096
A29: 3 | C29: Mantenimiento preventivo y correctivo técnico integral especializado con suministro de insumos y repuestos para dos (2) UPSs marca VERTIV-LIEBERT, referencia eXM de 40 KVA, en configuración paralelo N+1, incluye cambio de un (1) ventilador principal del gabinete de una de las UPSs, garantía y mantenimiento por tres (3) años, según cantidades, especificaciones y características descritas en la ficha técnica anexa | D29: 1 | G29: 29597075 | H29: =ROUND(G29*19%,2) -> 5623444.3 | I29: =ROUND(G29+H29,2) -> 35220519 | J29: =ROUND(I29*D29,2) -> 35220519 | L29: 24685920 | M29: =ROUND(L29*19%,2) -> 4690324.8 | N29: =ROUND(L29+M29,2) -> 29376245 | O29: =ROUND(N29*D29,2) -> 29376245 | Q29: 16117255 | R29: =ROUND(Q29*19%,2) -> 3062278.4 | S29: =ROUND(Q29+R29,2) -> 19179533 | T29: =ROUND(S29*D29,2) -> 19179533 | W29: =ROUND(V29*19%,2) -> 0 | X29: =ROUND(V29+W29,2) -> 0 | Y29: =ROUND(X29*I29,2) -> 0 | AB29: =ROUND(AA29*19%,2) -> 0 | AC29: =ROUND(AA29+AB29,2) -> 0 | AD29: =ROUND(AC29*M29,2) -> 0 | AF29: =ROUND(MIN(G29,L29),2) -> 24685920 | AG29: =ROUND(MAX(G29,L29),2) -> 29597075 | AH29: =ROUND(AVERAGE(G29,L29),2) -> 27141498 | AI29: =ROUND(AVERAGE(AF29,AH29),2) -> 25913709 | AK29: =AI29 -> 25913709 | AL29: =ROUND(AK29*19%,2) -> 4923604.7 | AM29: =ROUND(AK29+AL29,2) -> 30837313 | AN29: =ROUND(AM29*D29,2) -> 30837313
A30: 4 | C30: Mantenimiento preventivo y correctivo técnico integral especializado con suministro de insumos y repuestos para UPS marca VERTIV-LIEBERT, referencia eXM de 40 KVA, incluye cambio de banco de baterías de 12 V., 55 Ah., x 24 unidades, garantía y mantenimiento por tres (3) años, según cantidades, especificaciones y características descritas en la ficha técnica anexa. | D30: 2 | G30: 27482998 | H30: =ROUND(G30*19%,2) -> 5221769.7 | I30: =ROUND(G30+H30,2) -> 32704768 | J30: =ROUND(I30*D30,2) -> 65409536 | L30: 31530773 | M30: =ROUND(L30*19%,2) -> 5990846.8 | N30: =ROUND(L30+M30,2) -> 37521620 | O30: =ROUND(N30*D30,2) -> 75043240 | Q30: 26131034 | R30: =ROUND(Q30*19%,2) -> 4964896.5 | S30: =ROUND(Q30+R30,2) -> 31095931 | T30: =ROUND(S30*D30,2) -> 62191861 | W30: =ROUND(V30*19%,2) -> 0 | X30: =ROUND(V30+W30,2) -> 0 | Y30: =ROUND(X30*I30,2) -> 0 | AB30: =ROUND(AA30*19%,2) -> 0 | AC30: =ROUND(AA30+AB30,2) -> 0 | AD30: =ROUND(AC30*M30,2) -> 0 | AF30: =ROUND(MIN(G30,L30),2) -> 27482998 | AG30: =ROUND(MAX(G30,L30),2) -> 31530773 | AH30: =ROUND(AVERAGE(G30,L30),2) -> 29506886 | AI30: =ROUND(AVERAGE(AF30,AH30),2) -> 28494942 | AK30: =AI30 -> 28494942 | AL30: =ROUND(AK30*19%,2) -> 5414039 | AM30: =ROUND(AK30+AL30,2) -> 33908981 | AN30: =ROUND(AM30*D30,2) -> 67817962
A31: 5 | C31: Mantenimiento preventivo y correctivo técnico integral especializado con suministro de insumos y repuestos para UPS marca VERTIV-LIEBERT, referencia NXr de 60 KVA, incluye garantía y mantenimiento por tres (3) años, según cantidades, especificaciones y características descritas en la ficha técnica anexa. | D31: 1 | G31: 8167500 | H31: =ROUND(G31*19%,2) -> 1551825 | I31: =ROUND(G31+H31,2) -> 9719325 | J31: =ROUND(I31*D31,2) -> 9719325 | L31: 12341727 | M31: =ROUND(L31*19%,2) -> 2344928 | N31: =ROUND(L31+M31,2) -> 14686655 | O31: =ROUND(N31*D31,2) -> 14686655 | Q31: 10161455 | R31: =ROUND(Q31*19%,2) -> 1930676.4 | S31: =ROUND(Q31+R31,2) -> 12092131 | T31: =ROUND(S31*D31,2) -> 12092131 | W31: =ROUND(V31*19%,2) -> 0 | X31: =ROUND(V31+W31,2) -> 0 | Y31: =ROUND(X31*I31,2) -> 0 | AB31: =ROUND(AA31*19%,2) -> 0 | AC31: =ROUND(AA31+AB31,2) -> 0 | AD31: =ROUND(AC31*M31,2) -> 0 | AF31: =ROUND(MIN(G31,L31),2) -> 8167500 | AG31: =ROUND(MAX(G31,L31),2) -> 12341727 | AH31: =ROUND(AVERAGE(G31,L31),2) -> 10254613 | AI31: =ROUND(AVERAGE(AF31,AH31),2) -> 9211056.6 | AK31: =AI31 -> 9211056.6 | AL31: =ROUND(AK31*19%,2) -> 1750100.8 | AM31: =ROUND(AK31+AL31,2) -> 10961157 | AN31: =ROUND(AM31*D31,2) -> 10961157
A32: 6 | C32: Mantenimiento preventivo y correctivo técnico integral especializado con suministro de insumos y repuestos para UPS marca VERTIV-LIEBERT, referencia eXM de 60 KVA, incluye cambio de banco de baterías de 12 V., 80 Ah., x 24 unidades, garantía y mantenimiento por tres (3) años, según cantidades, especificaciones y características descritas en la ficha técnica anexa. | D32: 4 | G32: 44559944 | H32: =ROUND(G32*19%,2) -> 8466389.4 | I32: =ROUND(G32+H32,2) -> 53026333 | J32: =ROUND(I32*D32,2) -> 2.1210533e+08 | L32: 40768780 | M32: =ROUND(L32*19%,2) -> 7746068.2 | N32: =ROUND(L32+M32,2) -> 48514848 | O32: =ROUND(N32*D32,2) -> 1.9405939e+08 | Q32: 34181909 | R32: =ROUND(Q32*19%,2) -> 6494562.7 | S32: =ROUND(Q32+R32,2) -> 40676472 | T32: =ROUND(S32*D32,2) -> 1.6270589e+08 | W32: =ROUND(V32*19%,2) -> 0 | X32: =ROUND(V32+W32,2) -> 0 | Y32: =ROUND(X32*I32,2) -> 0 | AB32: =ROUND(AA32*19%,2) -> 0 | AC32: =ROUND(AA32+AB32,2) -> 0 | AD32: =ROUND(AC32*M32,2) -> 0 | AF32: =ROUND(MIN(G32,L32),2) -> 40768780 | AG32: =ROUND(MAX(G32,L32),2) -> 44559944 | AH32: =ROUND(AVERAGE(G32,L32),2) -> 42664362 | AI32: =ROUND(AVERAGE(AF32,AH32),2) -> 41716571 | AK32: =AI32 -> 41716571 | AL32: =ROUND(AK32*19%,2) -> 7926148.5 | AM32: =ROUND(AK32+AL32,2) -> 49642720 | AN32: =ROUND(AM32*D32,2) -> 1.9857088e+08
A33: 7 | C33: Mantenimiento preventivo y correctivo técnico integral especializado con suministro de insumos y repuestos para UPS marca VERTIV-LIEBERT, referencia eXM de 80 KVA, incluye cambio de banco de baterías de 12 V., 120 Ah., x 24 unidades, garantía y mantenimiento por tres (3) años, según cantidades, especificaciones y características descritas en la ficha técnica anexa. | D33: 1 | G33: 49272766 | H33: =ROUND(G33*19%,2) -> 9361825.6 | I33: =ROUND(G33+H33,2) -> 58634592 | J33: =ROUND(I33*D33,2) -> 58634592 | L33: 55113655 | M33: =ROUND(L33*19%,2) -> 10471595 | N33: =ROUND(L33+M33,2) -> 65585250 | O33: =ROUND(N33*D33,2) -> 65585250 | Q33: 49745284 | R33: =ROUND(Q33*19%,2) -> 9451604 | S33: =ROUND(Q33+R33,2) -> 59196888 | T33: =ROUND(S33*D33,2) -> 59196888 | W33: =ROUND(V33*19%,2) -> 0 | X33: =ROUND(V33+W33,2) -> 0 | Y33: =ROUND(X33*I33,2) -> 0 | AB33: =ROUND(AA33*19%,2) -> 0 | AC33: =ROUND(AA33+AB33,2) -> 0 | AD33: =ROUND(AC33*M33,2) -> 0 | AF33: =ROUND(MIN(G33,L33),2) -> 49272766 | AG33: =ROUND(MAX(G33,L33),2) -> 55113655 | AH33: =ROUND(AVERAGE(G33,L33),2) -> 52193211 | AI33: =ROUND(AVERAGE(AF33,AH33),2) -> 50732989 | AK33: =AI33 -> 50732989 | AL33: =ROUND(AK33*19%,2) -> 9639267.8 | AM33: =ROUND(AK33+AL33,2) -> 60372257 | AN33: =ROUND(AM33*D33,2) -> 60372257
A34: 8 | C34: Mantenimiento preventivo y correctivo técnico integral especializado con suministro de insumos y repuestos para UPS marca VERTIV-LIEBERT, referencia eXM de 100 KVA, incluye cambio de banco de baterías de 12 V., 150 Ah., x 24 unidades, garantía y mantenimiento por tres (3) años, según cantidades, especificaciones y características descritas en la ficha técnica anexa. | D34: 1 | G34: 59274072 | H34: =ROUND(G34*19%,2) -> 11262074 | I34: =ROUND(G34+H34,2) -> 70536146 | J34: =ROUND(I34*D34,2) -> 70536146 | L34: 67710694 | M34: =ROUND(L34*19%,2) -> 12865032 | N34: =ROUND(L34+M34,2) -> 80575725 | O34: =ROUND(N34*D34,2) -> 80575725 | Q34: 58782784 | R34: =ROUND(Q34*19%,2) -> 11168729 | S34: =ROUND(Q34+R34,2) -> 69951513 | T34: =ROUND(S34*D34,2) -> 69951513 | W34: =ROUND(V34*19%,2) -> 0 | X34: =ROUND(V34+W34,2) -> 0 | Y34: =ROUND(X34*I34,2) -> 0 | AB34: =ROUND(AA34*19%,2) -> 0 | AC34: =ROUND(AA34+AB34,2) -> 0 | AD34: =ROUND(AC34*M34,2) -> 0 | AF34: =ROUND(MIN(G34,L34),2) -> 59274072 | AG34: =ROUND(MAX(G34,L34),2) -> 67710694 | AH34: =ROUND(AVERAGE(G34,L34),2) -> 63492383 | AI34: =ROUND(AVERAGE(AF34,AH34),2) -> 61383227 | AK34: =AI34 -> 61383227 | AL34: =ROUND(AK34*19%,2) -> 11662813 | AM34: =ROUND(AK34+AL34,2) -> 73046041 | AN34: =ROUND(AM34*D34,2) -> 73046041
A35: 9 | C35: Suministro e instalación de módulo de 20 KVA para UPS marca VERTIV-LIEBERT, referencia eXM, incluye reprogramación del equipo, garantía y mantenimiento por tres (3) años, según cantidades, especificaciones y características descritas en la ficha técnica anexa. NOTA: No incluye cambio de banco de baterías. | D35: 1 | G35: 26128278 | H35: =ROUND(G35*19%,2) -> 4964372.8 | I35: =ROUND(G35+H35,2) -> 31092651 | J35: =ROUND(I35*D35,2) -> 31092651 | L35: 63212187 | M35: =ROUND(L35*19%,2) -> 12010316 | N35: =ROUND(L35+M35,2) -> 75222503 | O35: =ROUND(N35*D35,2) -> 75222503 | Q35: 26918609 | R35: =ROUND(Q35*19%,2) -> 5114535.7 | S35: =ROUND(Q35+R35,2) -> 32033145 | T35: =ROUND(S35*D35,2) -> 32033145 | W35: =ROUND(V35*19%,2) -> 0 | X35: =ROUND(V35+W35,2) -> 0 | Y35: =ROUND(X35*I35,2) -> 0 | AB35: =ROUND(AA35*19%,2) -> 0 | AC35: =ROUND(AA35+AB35,2) -> 0 | AD35: =ROUND(AC35*M35,2) -> 0 | AF35: =ROUND(MIN(G35,L35),2) -> 26128278 | AG35: =ROUND(MAX(G35,L35),2) -> 63212187 | AH35: =ROUND(AVERAGE(G35,L35),2) -> 44670233 | AI35: =ROUND(AVERAGE(AF35,AH35),2) -> 35399255 | AK35: =AI35 -> 35399255 | AL35: =ROUND(AK35*19%,2) -> 6725858.5 | AM35: =ROUND(AK35+AL35,2) -> 42125114 | AN35: =ROUND(AM35*D35,2) -> 42125114
B36: VALOR TOTAL | H36: GRUPO III: MANTENIMIENTO UPS MARCA VERTIV-LIEBERT | J36: =SUM(J27:J35) -> 5.2692745e+08 | M36: GRUPO III: MANTENIMIENTO UPS MARCA VERTIV-LIEBERT | O36: =SUM(O27:O35) -> 5.9105956e+08 | R36: GRUPO III: MANTENIMIENTO UPS MARCA VERTIV-LIEBERT | T36: =SUM(T27:T35) -> 4.6945469e+08 | W36: GRUPO III: MANTENIMIENTO UPS MARCA VERTIV-LIEBERT | Y36: =SUM(Y27:Y35) -> 0 | AB36: GRUPO III: MANTENIMIENTO UPS MARCA VERTIV-LIEBERT | AD36: =SUM(AD27:AD35) -> 0 | AL36: GRUPO III: MANTENIMIENTO UPS MARCA VERTIV-LIEBERT | AN36: =SUM(AN27:AN35) -> 5.3106264e+08
A39: FECHA ELABORACION: | B39: 46198

Sheet ANEXO 4- PISTOLAS 
A1: FORMATO OFERTA ECONOMICA 2026
C2: "MANTENIMIENTO CORRECTIVO CON SUMINISTRO DE REPUESTOS PARA ARMAS DE FUEGO TIPO PISTOLASCALIBRE 9MM, SUBAMETRALLADORAS CALIBRE 9MM Y FUSILES CALIBRE 5.56 DE DIFERENTES MARCAS Y MODELOS PARA LA FISCALÍA GENERAL DE LA NACIÓN”
A6: MANTENIMIENTO CORRECTIVO CON SUMINISTRO DE REPUESTOS PARA ARMAS DE FUEGO TIPO PISTOLAS, CALIBRE 9 MM, DE DIFERENTES MARCAS Y MODELOS PARA LA FISCALIA GENERAL DE LA NACION. (SEGÚN ESPECIFICACIONES TÉCNICAS - FICHA TECNICA No. 1 (PISTOLAS CALIBRE 9MM )
I8: PRECIO FINAL SELECCIONADO
A10: ITEM | B10: REQUISITOS GENERALES | C10: REQUISITOS ESPECÍFICOS | D10: ACTIVIDAD | E10: UNIDAD DE MEDIDA | F10: CANTIDAD | I10: VALOR UNITARIO | J10: IVA | K10: VALOR UNITARIO INCLUIDO IVA
A12: 1 | B12: Mantenimiento de Pistolas (Arma semiautomáticas), en todos sus componentes: Externos: Receptor o armazón Internos: Mecanismo de alimentación, Mecanismos de cierre, Mecanismos de disparo y percusión, Mecanismo de extracción, Mecanismos de seguridad. | C12:   FASE I. DESPIECE Y DESPLAQUE DE PISTOLAS 9MM (Según especificaciones de la Ficha Técnica) | D12: Despiece general del arma | E12: UNIDAD | F12: 1 | J12: =ROUND(I12*19%,2) -> 0 | K12: =ROUND(I12+J12,2) -> 0
A13: 2 | D13: Revisión de piezas para constatar fisuras, fracturas o desgastes en el material
C14: VALOR TOTAL DESPIECE Y DESPLAQUE DE PISTOLAS 9MM | K14: =ROUND(SUM(K12),2) -> 0
A16: 1 | C16:  FASE II. REVISIÓN DE LOS MECANISMOS,CAMBIO DE REPUESTOS REQUERIDOS DE PISTOLAS 9MM (Según especificaciones de la Ficha Técnica) | D16: Desarme y arme general del arma | E16: UNIDAD | F16: 1 | J16: =ROUND(I16*19%,2) -> 0 | K16: =ROUND(I16+J16,2) -> 0
A17: 2 | D17: Cambio de sistemas de tensión del disparador, sistema de percusión y mecanismos de disparo.
A18: 3 | D18: Desplaque superficial y desoxidación de los mecanismos internos y externos del arma
A19: 4 | D19: Limpieza del ánima del cañón.
A20: 5 | D20: Limpieza y lubricación general.
A21: 6 | D21: Recubrimiento de pintura cerámica de alta resistencia y adherencia color negro a los elementos externos.
A22: 7 | D22: Recubrimiento de pintura cerámica de alta resistencia y adherencia color negro al proveedor del arma.
A23: 8 | D23: Tratamiento superficial de pavonado a los elementos y mecanismos internos del arma (piezas móviles).
A24: 9 | D24: Cambio de pasadores
A25: 10 | D25: Cambio de los resortes
A26: 11 | D26: Cambio de los tornillos y arandelas de las cachas pistolas CZ.
A27: 12 | D27: Cambio de las cachas pistolas CZ. | E27: UNIDAD | F27: 1 | J27: =ROUND(I27*19%,2) -> 0 | K27: =ROUND(I27+J27,2) -> 0
A28: 13 | D28: Cambio Varilla guía de polímero por varilla guía metálica para las pistolas CZ.
A29: 14 | D29: Reparación del punto y alza de Mira
C30: VALOR TOTAL REVISIÓN DE LOS MECANISMOS,CAMBIO DE REPUESTOS REQUERIDOS DE PISTOLAS 9MM | K30: =ROUND(SUM(K16:K29),2) -> 0
A32: 1 | C32: Cambio de repuestos de acuerdo al tipo de Pistola 9MM: (Según especificaciones de la Ficha Técnica) | D32: Resorte del fiador | E32: UNIDAD | F32: 1 | J32: =ROUND(I32*19%,2) -> 0 | K32: =ROUND(I32+J32,2) -> 0
A33: 2 | D33: Resorte recuperador. | E33: UNIDAD | F33: 1 | J33: =ROUND(I33*19%,2) -> 0 | K33: =ROUND(I33+J33,2) -> 0
A34: 3 | D34: Resorte del disparador. | E34: UNIDAD | F34: 1 | J34: =ROUND(I34*19%,2) -> 0 | K34: =ROUND(I34+J34,2) -> 0
A35: 4 | D35: Resorte del percutor. | E35: UNIDAD | F35: 1 | J35: =ROUND(I35*19%,2) -> 0 | K35: =ROUND(I35+J35,2) -> 0
A36: 5 | D36: Resorte de los pestillos del seguro de la corredera | E36: UNIDAD | F36: 1 | J36: =ROUND(I36*19%,2) -> 0 | K36: =ROUND(I36+J36,2) -> 0
A37: 6 | D37: Resorte de la barra del martillo. | E37: UNIDAD | F37: 1 | J37: =ROUND(I37*19%,2) -> 0 | K37: =ROUND(I37+J37,2) -> 0
A38: 7 | D38: Resorte del retén de la corredera. | E38: UNIDAD | F38: 1 | J38: =ROUND(I38*19%,2) -> 0 | K38: =ROUND(I38+J38,2) -> 0
A39: 8 | D39: Resorte del seguro bloqueador del percutor. | E39: UNIDAD | F39: 1 | J39: =ROUND(I39*19%,2) -> 0 | K39: =ROUND(I39+J39,2) -> 0
A40: 9 | D40: Resorte barra del disparador (extensor). | E40: UNIDAD | F40: 1 | J40: =ROUND(I40*19%,2) -> 0 | K40: =ROUND(I40+J40,2) -> 0
A41: 10 | D41: Resorte palanca de desarme. | E41: UNIDAD | F41: 1 | J41: =ROUND(I41*19%,2) -> 0 | K41: =ROUND(I41+J41,2) -> 0
A42: 11 | D42: Resorte de uña extractora | E42: UNIDAD | F42: 1 | J42: =ROUND(I42*19%,2) -> 0 | K42: =ROUND(I42+J42,2) -> 0
A43: 12 | D43: Cambio sistemas de tensión del disparador, sistema de percusión y mecanismos de disparo | E43: UNIDAD | F43: 1 | J43: =ROUND(I43*19%,2) -> 0 | K43: =ROUND(I43+J43,2) -> 0
A44: 13 | D44: Cambio de pasadores. | E44: UNIDAD | F44: 1 | J44: =ROUND(I44*19%,2) -> 0 | K44: =ROUND(I44+J44,2) -> 0
... A49: 18 | D49: Reparación del punto y alza de Mira | E49: UNIDAD | F49: 1 | J49: =ROUND(I49*19%,2) -> 0 | K49: =ROUND(I49+J49,2) -> 0
C50: VALOR TOTAL CAMBIO DE REPUESTOS de acuerdo al tipo de Pistola 9MM | K50: =ROUND(SUM(K36:K49),2) -> 0
A52: TOTAL PISTOLAS CALIBRE 9MM | K52: =ROUND(K14+K30+K50,2) -> 0
B57: NOTAS:
B59: IMPORTANTE: El proponente en la estructuración de su oferta económica deberá presentar máximo DOS (2) decimales, con el fin de no afectar el cálculo de variables como IVA, AYS, AIU, entre otros. En el caso que se presenten más de DOS (2) decimales, se recomienda utilizar el método de redondeo estándar, esto es, si el tercer decimal es menor que CINCO (5), el segundo decimal se mantiene; si el tercer decimal es igual o mayor que CINCO (5), el segundo decimal se incrementa en uno.
B60: Nota:
B61: 1) No modificar ninguna especificación descrita en la necesidad. 2) Tener en cuenta las causales de rechazo establecidas en el Pliego de condiciones. 3) Debe ajustarse exactamente a lo solicitado en la Ficha Técnica. 4) Debe presentar oferta en formato EXCEL EDITABLE.
B63: Marque con una X la opción que corresponda
B64: PERSONA JURÍDICA | E64: X
B65: El Decreto 1600 de 2024 en el artículo 2.1.4.3.2.1. establece: “Prevención de corrupción en la contratación pública. (…) Fortalecer los análisis de mercado para la fijación objetiva de precios. En la elaboración del análisis de mercado para fijar los precios, deberán realizarse estudios públicos y abiertos, que permita un análisis comparativo de los precios de referencia para alcanzar valores de mercado favorables y mayor eficiencia en gasto. En esa medida, y con el fin de mitigar sobrecostos, en la definición de presupuestos a partir de cotizaciones no se podrán realizar consultas cerradas ni direccionadas a grupos reducidos de empresas y se verificará la ausencia de inhabilidades e incompatibilidad es de las empresas que coticen (…)”, en razón a la norma citada y actuando en calidad de representante legal, certifico con mi firma bajo la gravedad de juramento, que ni la empresa ni sus accionistas se encuentran inmersos en inhabilidades e incompatibilidades frente a las empresas que puedan presentarse a cotizar en este proceso.
B66: PERSONA NATURAL
B67: El Decreto 1600 de 2024 en su artículo 2.1.4.3.2.1. establece: “Prevención de corrupción en la contratación pública. (…) Fortalecer los análisis de mercado para la fijación objetiva de precios. En la elaboración del análisis de mercado para fijar los precios, deberán realizarse estudios públicos y abiertos, que permita un análisis comparativo de los precios de referencia para alcanzar valores de mercado favorables y mayor eficiencia en gasto. En esa medida, y con el fin de mitigar sobrecostos, en la definición de presupuestos a partir de cotizaciones no se podrán realizar consultas cerradas ni direccionadas a grupos reducidos de empresas y se verificará la ausencia de inhabilidades e incompatibilidad es de las empresas que coticen (…)”, en razón a la norma citada y actuando en nombre propio, certifico con mi firma bajo la gravedad de juramento que no me encuentro inmerso en inhabilidades e incompatibilidades frente a los posibles oferentes que puedan presentarse a cotizar en este proceso.
B68: Empresa / Nombre Completo:
B69: Representante Legal:
B70: NIT / C.C.:
B71: Teléfono o Celular:
B72: E-mail:
B73: Fecha de Oferta:
B74: Validez de Oferta económica 90 días: | E74: SI____ NO_____
B75: ¿Cumple con lo solicitado en le Ficha Técnica? | E75: SI _____ NO_____
B76: IVA (INDICAR SI LOS ITEMS ESTÁN O NO EXCENTOS DEL IVA, DE ESTAR EXCENTOS FAVOR INDICAR LA NORMA)
B77: FIRMA DIGITAL

Sheet ANEXO 4 - SUBAMETRALLADORAS 
B2: FORMATO OFERTA ECONOMICA 2026
D3: “MANTENIMIENTO CORRECTIVO CON SUMINISTRO DE REPUESTOS PARA ARMAS DE FUEGO TIPO PISTOLASCALIBRE 9MM, SUBAMETRALLADORAS CALIBRE 9MM Y FUSILES CALIBRE 5.56 DE DIFERENTES MARCAS Y MODELOS PARA LA FISCALÍA GENERAL DE LA NACIÓN”
B6: MANTENIMIENTO CORRECTIVO CON SUMINISTRO DE REPUESTOS PARA ARMAS DE FUEGO TIPO SUB AMETRALLADORAS CALIBRE 9 MM, DE DIFERENTES MARCAS Y MODELOS PARA LA FISCALIA GENERAL DE LA NACION. (SEGÚN ESPECIFICACIONES TÉCNICAS - FICHA TECNICA No. 2 (SUBAMETRALLADORAS CALIBRE 9MM)
J9: PRECIO FINAL SELECCIONADO
B11: ITEM | C11: REQUISITOS GENERALES | D11: REQUISITOS ESPECÍFICOS | E11: ACTIVIDAD | F11: UNIDAD DE MEDIDA | G11: CANTIDAD | J11: VALOR UNITARIO | K11: IVA | L11: VALOR UNITARIO INCLUIDO IVA
B13: 1 | C13: Mantenimiento de subametralladora (Arma automática y semiautomática), en todos sus componentes: Externos: Cañón, Receptor o armazón Internos: Mecanismo de alimentación, Mecanismos de cierre, Mecanismos de disparo y persecución, Mecanismo de extracción, Mecanismos de seguridad. | D13:  FASE I.  FASE I. DESPIECE Y DESPLAQUE DE SUB-AMETRALLADORAS CALIBRE 9MM (según especificaciones Ficha Técnica) | E13: Despiece general del arma | F13: UNIDAD | G13: 1 | K13: =ROUND(J13*19%,2) -> 0 | L13: =ROUND(J13+K13,2) -> 0
B14: 2 | E14: Revisión de piezas para constatar fracturas en material.
D15: VALOR TOTAL DESPIECE Y DESPLAQUE DE SUB-AMETRALLADORAS CALIBRE 9MM | L15: =SUM(L13) -> 0
B17: 1 | D17:  FASE II. REVISIÓN DE LOS MECANISMOS Y CAMBIO DE REPUESTOS REQUERIDOS. DE SUBAMETRALLADORAS CALIBRE 9MM (según especificaciones Ficha Técnica) | E17: Desarme y arme general del arma. | F17: UNIDAD | G17: 1 | K17: =ROUND(J17*19%,2) -> 0 | L17: =ROUND(J17+K17,2) -> 0
B18: 2 | E18: Revisión y cambio de sistemas de tensión del disparador, sistema de percusión y mecanismos de disparo.
B19: 3 | E19: Desplaque superficial y desoxidación de los mecanismos internos y externos del arma.
B20: 4 | E20: Limpieza del ánima del cañón.
B21: 5 | E21: Limpieza y lubricación general.
B22: 6 | E22: Aplicar revestimiento pintura cerámica de alta resistencia y adherencia color negro a los mecanismos externos.
B23: 7 | E23: Recubrimiento de pintura cerámica de alta resistencia y adherencia al proveedor del arma y reparación de los labios del proveedor.
B24: 8 | E24: Tratamiento superficial de pavonado a los elementos y mecanismos internos del arma (piezas móviles).
B25: 9 | E25: Cambio de los resortes
B26: 10 | E26: Cambio de los tornillos y arandelas de las cachas
B27: 11 | E27: Cambio de los tornillos de la cubierta de la empuñadura.
B28: 12 | E28: Reparación del tambor del alza de mira (subametralladora MP 5). | K28: =ROUND(J28*19%,2) -> 0 | L28: =ROUND(J28+K28,2) -> 0
B29: 13 | E29: Cambio del punto de mira y del alza de mira (subametralladora MP 5).
B30: 14 | E30: Cambio del arco protector del poste de mira (subametralladora MP 5)
B31: 15 | E31: Cambio del guardamano de polímero por guardamano en aluminio con riel picatinny y empuñadura vertical en aluminio. (subametralladora MP 5)
B32: 16 | E32: Cambio de los anillos en teflón de la varilla guía y resorte recuperador (subametralladora MP5).
B33: 17 | E33: Reparación de las palancas de cargue y polímero (subametralladora MP5).
B34: 18 | E34: Reparación de proveedores subametralladora MP5
D35: VALOR TOTAL REVISIÓN DE LOS MECANISMOS Y CAMBIO DE REPUESTOS REQUERIDOS. DE SUBAMETRALLADORAS CALIBRE 9MM | L35: =ROUND(SUM(L17:L34),2) -> 0
B37: 1 | D37: Suministro y cambio de los repuestos de acuerdo al tipo de SubAmetralladora (según especificaciones Ficha Técnica) | E37: Resorte del fiador. | F37: UNIDAD | G37: 1 | K37: =ROUND(J37*19%,2) -> 0 | L37: =ROUND(J37+K37,2) -> 0
B38: 2 | E38: Resorte recuperador. | F38: UNIDAD | G38: 1 | K38: =ROUND(J38*19%,2) -> 0 | L38: =ROUND(J38+K38,2) -> 0
B39: 3 | E39: Resorte del disparador. | F39: UNIDAD | G39: 1 | K39: =ROUND(J39*19%,2) -> 0 | L39: =ROUND(J39+K39,2) -> 0
B40: 4 | E40: Resorte del percutor. | F40: UNIDAD | G40: 1 | K40: =ROUND(J40*19%,2) -> 0 | L40: =ROUND(J40+K40,2) -> 0
B41: 5 | E41: Resorte del extractor. | F41: UNIDAD | G41: 1 | K41: =ROUND(J41*19%,2) -> 0 | L41: =ROUND(J41+K41,2) -> 0
B42: 6 | E42: Resorte de la culata plegable. | F42: UNIDAD | G42: 1 | K42: =ROUND(J42*19%,2) -> 0 | L42: =ROUND(J42+K42,2) -> 0
B43: 7 | E43: Resorte del Culatín de la culata plegable. | F43: UNIDAD | G43: 1 | K43: =ROUND(J43*19%,2) -> 0 | L43: =ROUND(J43+K43,2) -> 0
B44: 8 | E44: Resorte del retén del cargador. | F44: UNIDAD | G44: 1 | K44: =ROUND(J44*19%,2) -> 0 | L44: =ROUND(J44+K44,2) -> 0
B45: 9 | E45: Resorte de la empuñadura de seguridad automática. | F45: UNIDAD | G45: 1 | K45: =ROUND(J45*19%,2) -> 0 | L45: =ROUND(J45+K45,2) -> 0
B46: 10 | E46: Resorte de seguridad del disparador. | F46: UNIDAD | G46: 1 | K46: =ROUND(J46*19%,2) -> 0 | L46: =ROUND(J46+K46,2) -> 0
B47: 11 | E47: Resorte de trinquete de la tuerca delantera | F47: UNIDAD | G47: 1 | K47: =ROUND(J47*19%,2) -> 0 | L47: =ROUND(J47+K47,2) -> 0
B48: 12 | E48: Resorte plano del cerrojo. | F48: UNIDAD | G48: 1 | K48: =ROUND(J48*19%,2) -> 0 | L48: =ROUND(J48+K48,2) -> 0
B49: 13 | E49: Resorte de la base de la mira. | F49: UNIDAD | G49: 1 | K49: =ROUND(J49*19%,2) -> 0 | L49: =ROUND(J49+K49,2) -> 0
... B65: 29 | E65: Cambio de los anillos en teflón de la varilla guía y resorte recuperador (subametralladora MP5). | F65: UNIDAD | G65: 1 | K65: =ROUND(J65*19%,2) -> 0 | L65: =ROUND(J65+K65,2) -> 0
D66: VALOR TOTAL Suministro y cambio de los repuestos de acuerdo al tipo de SubAmetralladora | L66: =ROUND(SUM(L37:L65),2) -> 0
B68: TOTAL SUBAMETRALLADORA 9 MM | L68: =ROUND(L15+L35+L66,2) -> 0
B71: NOTAS:
B73: IMPORTANTE: El proponente en la estructuración de su oferta económica deberá presentar máximo DOS (2) decimales, con el fin de no afectar el cálculo de variables como IVA, AYS, AIU, entre otros. En el caso que se presenten más de DOS (2) decimales, se recomienda utilizar el método de redondeo estándar, esto es, si el tercer decimal es menor que CINCO (5), el segundo decimal se mantiene; si el tercer decimal es igual o mayor que CINCO (5), el segundo decimal se incrementa en uno.
B74: Nota:
B75: 1) No modificar ninguna especificación descrita en la necesidad. 2) Tener en cuenta las causales de rechazo establecidas en el Pliego de condiciones. 3) Debe ajustarse exactamente a lo solicitado en la Ficha Técnica. 4) Debe presentar oferta en formato EXCEL EDITABLE.
B77: Marque con una X la opción que corresponda
B78: PERSONA JURÍDICA | E78: X
B79: El Decreto 1600 de 2024 en el artículo 2.1.4.3.2.1. establece: “Prevención de corrupción en la contratación pública. (…) Fortalecer los análisis de mercado para la fijación objetiva de precios. En la elaboración del análisis de mercado para fijar los precios, deberán realizarse estudios públicos y abiertos, que permita un análisis comparativo de los precios de referencia para alcanzar valores de mercado favorables y mayor eficiencia en gasto. En esa medida, y con el fin de mitigar sobrecostos, en la definición de presupuestos a partir de cotizaciones no se podrán realizar consultas cerradas ni direccionadas a grupos reducidos de empresas y se verificará la ausencia de inhabilidades e incompatibilidad es de las empresas que coticen (…)”, en razón a la norma citada y actuando en calidad de representante legal, certifico con mi firma bajo la gravedad de juramento, que ni la empresa ni sus accionistas se encuentran inmersos en inhabilidades e incompatibilidades frente a las empresas que puedan presentarse a cotizar en este proceso.
B80: PERSONA NATURAL
B81: El Decreto 1600 de 2024 en su artículo 2.1.4.3.2.1. establece: “Prevención de corrupción en la contratación pública. (…) Fortalecer los análisis de mercado para la fijación objetiva de precios. En la elaboración del análisis de mercado para fijar los precios, deberán realizarse estudios públicos y abiertos, que permita un análisis comparativo de los precios de referencia para alcanzar valores de mercado favorables y mayor eficiencia en gasto. En esa medida, y con el fin de mitigar sobrecostos, en la definición de presupuestos a partir de cotizaciones no se podrán realizar consultas cerradas ni direccionadas a grupos reducidos de empresas y se verificará la ausencia de inhabilidades e incompatibilidad es de las empresas que coticen (…)”, en razón a la norma citada y actuando en nombre propio, certifico con mi firma bajo la gravedad de juramento que no me encuentro inmerso en inhabilidades e incompatibilidades frente a los posibles oferentes que puedan presentarse a cotizar en este proceso.
B82: Empresa / Nombre Completo:
B83: Representante Legal:
B84: NIT / C.C.:
B85: Teléfono o Celular:
B86: E-mail:
B87: Fecha de Oferta:
B88: Validez de Oferta económica 90 días: | E88: SI____ NO_____
B89: ¿Cumple con lo solicitado en le Ficha Técnica? | E89: SI _____ NO_____
B90: IVA (INDICAR SI LOS ITEMS ESTÁN O NO EXCENTOS DEL IVA, DE ESTAR EXCENTOS FAVOR INDICAR LA NORMA)
B91: FIRMA DIGITAL

Sheet ANEXO 4- FUSILES  
A1: FORMATO OFERTA ECONOMICA 2026
D2: “MANTENIMIENTO CORRECTIVO CON SUMINISTRO DE REPUESTOS PARA ARMAS DE FUEGO TIPO PISTOLASCALIBRE 9MM, SUBAMETRALLADORAS CALIBRE 9MM Y FUSILES CALIBRE 5.56 DE DIFERENTES MARCAS Y MODELOS PARA LA FISCALÍA GENERAL DE LA NACIÓN”
A6: MANTENIMIENTO CORRECTIVO CON SUMINISTRO DE REPUESTOS PARA PARA ARMAS DE FUEGO TIPO FUSILES CALIBRE 5.56 DE DIFERENTES MARCAS Y MODELOS PARA LA FISCALIA GENERAL DE LA NACION SEGÚN ESPECIFICACIONES TÉCNICAS -FICHA TECNICA No. 3 (FUSILES CALIBRE 5.56)
I8: PRECIO FINAL SELECCIONADO
A9: ITEM | B9: REQUISITOS GENERALES | C9: REQUISITOS ESPECÍFICOS | D9: ACTIVIDAD | E9: UNIDAD DE MEDIDA | F9: CANTIDAD
I10: VALOR UNITARIO | J10: IVA | K10: VALOR UNITARIO INCLUIDO IVA
A12: 1 | B12: Mantenimiento de Fusil (Arma automática y armas automáticas), en todos sus componentes: Externos: Cañón, Receptor o armazón Internos: Mecanismo de alimentación, Mecanismos de cierre, Mecanismos de disparo y persecución, Mecanismo de extracción, Mecanismos de seguridad. | C12:  FASE I. DESPIECE Y DESPLAQUE DE FUSILES 5.56 (Según especificaciones de la Ficha Técnica) | D12: Despiece general del arma | E12: UNIDAD | F12: 1 | J12: =ROUND(I12*19%,2) -> 0 | K12: =ROUND(I12+J12,2) -> 0
A13: 2 | D13: Revisión de piezas para constatar fracturas y fisuras en material
C14: VALOR TOTAL DESPIECE Y DESPLAQUE DE FUSILES 5.56 | K14: =ROUND(SUM(K12),2) -> 0
A16: 1 | C16:  FASE II. REVISIÓN DE LOS MECANISMOS Y CAMBIO DE REPUESTOS REQUERIDOS DE FUSILES 5.56 (Según especificaciones de la Ficha Técnica) | D16: Desarme y arme general del arma | E16: UNIDAD | F16: 1 | J16: =ROUND(I16*19%,2) -> 0 | K16: =ROUND(I16+J16,2) -> 0
A17: 2 | D17: Cambio de sistemas de tensión del disparador, sistema de percusión y mecanismos de disparo.
A18: 3 | D18: Limpieza del ánima del cañón y tubo de gases
A19: 4 | D19: Limpieza y lubricación general.
A20: 5 | D20: Desplaque superficial y desoxidación de los mecanismos internos y externos del arma.
A21: 6 | D21: Recubrimiento de pintura cerámica de alta resistencia y adherencia color Negro a los elementos externos del arma.
A22: 7 | D22: Recubrimiento de pintura cerámica de alta resistencia y adherencia color negro al proveedor del arma.
A23: 8 | D23: Tratamiento superficial de pavonado a los elementos y mecanismos internos del arma (piezas móviles).
A24: 9 | D24: Cambio de pasadores en mal estado.
A25: 10 | D25: Cambio de muelles (resortes).
A26: 11 | D26: Reparación del punto y alza de Mira o cambio si presenta deformación
C27: VALOR TOTAL REVISIÓN DE LOS MECANISMOS Y CAMBIO DE REPUESTOS REQUERIDOS DE FUSILES 5.56 | K27: =ROUND(SUM(K16:K26),2) -> 0
A29: 1 | C29: CAMBIO DE REPUESTOS de acuerdo al tipo de Fusil (Según especificaciones de la Ficha Técnica) | D29: Resorte recuperador. | E29: UNIDAD | F29: 1 | J29: =ROUND(I29*19%,2) -> 0 | K29: =ROUND(I29+J29,2) -> 0
A30: 2 | D30: Resorte del pestillo del seguro del bloqueador | E30: UNIDAD | F30: 1 | J30: =ROUND(I30*19%,2) -> 0 | K30: =ROUND(I30+J30,2) -> 0
A31: 3 | D31: Resorte del des conector. | E31: UNIDAD | F31: 1 | J31: =ROUND(I31*19%,2) -> 0 | K31: =ROUND(I31+J31,2) -> 0
A32: 4 | D32: Resorte del disparador. | E32: UNIDAD | F32: 1 | J32: =ROUND(I32*19%,2) -> 0 | K32: =ROUND(I32+J32,2) -> 0
A33: 5 | D33: Resorte de la empuñadura. | E33: UNIDAD | F33: 1 | J33: =ROUND(I33*19%,2) -> 0 | K33: =ROUND(I33+J33,2) -> 0
A34: 6 | D34: Resorte del perno reten. | E34: UNIDAD | F34: 1 | J34: =ROUND(I34*19%,2) -> 0 | K34: =ROUND(I34+J34,2) -> 0
A35: 7 | D35: Resorte del seguro de la tapa. | E35: UNIDAD | F35: 1 | J35: =ROUND(I35*19%,2) -> 0 | K35: =ROUND(I35+J35,2) -> 0
A36: 8 | D36: Resorte del pestillo poste de mira | E36: UNIDAD | F36: 1 | J36: =ROUND(I36*19%,2) -> 0 | K36: =ROUND(I36+J36,2) -> 0
A37: 9 | D37: Resorte de guardapolvo. | E37: UNIDAD | F37: 1 | J37: =ROUND(I37*19%,2) -> 0 | K37: =ROUND(I37+J37,2) -> 0
A38: 10 | D38: Resorte perilla lateral. | E38: UNIDAD | F38: 1 | J38: =ROUND(I38*19%,2) -> 0 | K38: =ROUND(I38+J38,2) -> 0
A39: 11 | D39: Muelle plano. | E39: UNIDAD | F39: 1 | J39: =ROUND(I39*19%,2) -> 0 | K39: =ROUND(I39+J39,2) -> 0
A40: 12 | D40: Resorte alojamiento de la mira. | E40: UNIDAD | F40: 1 | J40: =ROUND(I40*19%,2) -> 0 | K40: =ROUND(I40+J40,2) -> 0
A41: 13 | D41: Resorte perilla de elevación. | E41: UNIDAD | F41: 1 | J41: =ROUND(I41*19%,2) -> 0 | K41: =ROUND(I41+J41,2) -> 0
... A53: 25 | D53: Cambio de muelles (resortes). | E53: UNIDAD | F53: 1 | J53: =ROUND(I53*19%,2) -> 0 | K53: =ROUND(I53+J53,2) -> 0
C54: VALOR TOTAL CAMBIO DE REPUESTOS de acuerdo al tipo de Fusil | K54: =ROUND(SUM(K29:K53),2) -> 0
A56: TOTAL FUSILES CALIBRE 5.56 | K56: =ROUND(K14+K27+K54,2) -> 0
B61: NOTAS:
B63: IMPORTANTE: El proponente en la estructuración de su oferta económica deberá presentar máximo DOS (2) decimales, con el fin de no afectar el cálculo de variables como IVA, AYS, AIU, entre otros. En el caso que se presenten más de DOS (2) decimales, se recomienda utilizar el método de redondeo estándar, esto es, si el tercer decimal es menor que CINCO (5), el segundo decimal se mantiene; si el tercer decimal es igual o mayor que CINCO (5), el segundo decimal se incrementa en uno.
B64: Nota:
B65: 1) No modificar ninguna especificación descrita en la necesidad. 2) Tener en cuenta las causales de rechazo establecidas en el Pliego de condiciones. 3) Debe ajustarse exactamente a lo solicitado en la Ficha Técnica. 4) Debe presentar oferta en formato EXCEL EDITABLE.
B67: Marque con una X la opción que corresponda
B68: PERSONA JURÍDICA | E68: X
B69: El Decreto 1600 de 2024 en el artículo 2.1.4.3.2.1. establece: “Prevención de corrupción en la contratación pública. (…) Fortalecer los análisis de mercado para la fijación objetiva de precios. En la elaboración del análisis de mercado para fijar los precios, deberán realizarse estudios públicos y abiertos, que permita un análisis comparativo de los precios de referencia para alcanzar valores de mercado favorables y mayor eficiencia en gasto. En esa medida, y con el fin de mitigar sobrecostos, en la definición de presupuestos a partir de cotizaciones no se podrán realizar consultas cerradas ni direccionadas a grupos reducidos de empresas y se verificará la ausencia de inhabilidades e incompatibilidad es de las empresas que coticen (…)”, en razón a la norma citada y actuando en calidad de representante legal, certifico con mi firma bajo la gravedad de juramento, que ni la empresa ni sus accionistas se encuentran inmersos en inhabilidades e incompatibilidades frente a las empresas que puedan presentarse a cotizar en este proceso.
B70: PERSONA NATURAL
B71: El Decreto 1600 de 2024 en su artículo 2.1.4.3.2.1. establece: “Prevención de corrupción en la contratación pública. (…) Fortalecer los análisis de mercado para la fijación objetiva de precios. En la elaboración del análisis de mercado para fijar los precios, deberán realizarse estudios públicos y abiertos, que permita un análisis comparativo de los precios de referencia para alcanzar valores de mercado favorables y mayor eficiencia en gasto. En esa medida, y con el fin de mitigar sobrecostos, en la definición de presupuestos a partir de cotizaciones no se podrán realizar consultas cerradas ni direccionadas a grupos reducidos de empresas y se verificará la ausencia de inhabilidades e incompatibilidad es de las empresas que coticen (…)”, en razón a la norma citada y actuando en nombre propio, certifico con mi firma bajo la gravedad de juramento que no me encuentro inmerso en inhabilidades e incompatibilidades frente a los posibles oferentes que puedan presentarse a cotizar en este proceso.
B72: Empresa / Nombre Completo:
B73: Representante Legal:
B74: NIT / C.C.:
B75: Teléfono o Celular:
B76: E-mail:
B77: Fecha de Oferta:
B78: Validez de Oferta económica 90 días: | E78: SI____ NO_____
B79: ¿Cumple con lo solicitado en le Ficha Técnica? | E79: SI _____ NO_____
B80: IVA (INDICAR SI LOS ITEMS ESTÁN O NO EXCENTOS DEL IVA, DE ESTAR EXCENTOS FAVOR INDICAR LA NORMA)
B81: FIRMA DIGITAL

Sheet ANEXO 2 HISTORICOS
F2: ANÁLISIS DE COSTOS HISTÓRICOS
D4: “ADQUIRIR, INSTALAR Y PONER EN FUNCIONAMIENTO SISTEMAS DE RESPALDO ENERGÉTICO ASÍ: GRUPO I: ADQUISICIÓN SISTEMAS DE SUPLENCIA DE ENERGÍA COMPUESTOS POR PLANTAS ELECTRICAS DE EMERGENCIA Y TRANSFERENCIAS AUTOMÁTICAS DE CARGA PARA SEDES DE LA FISCALÍA GENERAL DE LA NACIÓN A NIVEL NACIONAL. GRUPO II: COMPRAVENTA, TRANSPORTE, INSTALACIÓN, INTEGRACIÓN Y PUESTA EN FUNCIONAMIENTO DE UPSs PARA EL NIVEL CENTRAL DE LA FISCALÍA GENERAL DE LA NACIÓN. GRUPO III: PRESTAR EL SERVICIO DE MANTENIMIENTO PREVENTIVO Y CORRECTIVO TÉCNICO INTEGRAL ESPECIALIZADO CON SUMINISTRO DE INSUMOS Y REPUESTOS PARA LAS UPS MARCA VERTIV-LIEBERT DEL NIVEL CENTRAL DE LA FISCALÍA GENERAL DE LA NACIÓN..”
A5: ÍTEM | B5: UNIDAD DE MEDIDA | D5: CANTIDAD
K6: agosto 2024 FFGN-NC-IPSE-0020-2024 | L6: enero 2026 | N6: ANÁLISIS PROYECCIÓN COSTOS HISTÓRICOS (IPC / Índices - Serie de empalme)
A7: GRUPO I: ADQUISICIÓN SISTEMAS DE SUPLENCIA DE ENERGÍA ELECTRICA COMPUESTOS POR PLANTAS ELECTRICAS DE EMERGENCIA Y TRANSFERENCIAS AUTOMÁTICAS DE CARGA | H7: VALOR UNITARIO SIN IVA | K7: 1.4367 | L7: 1.5407 | N7: VALOR UNITARIO (excluido de IVA) | O7: IVA (excluido) | P7: VALOR UNITARIO (excluido de IVA) | Q7: VALOR TOTAL (excluido de IVA)
A8: 1 | B8: U | C8: Suministro, transporte, instalación, integración y puesta en funcionamiento de sistema de suplencia de energía bifásico compuesto por planta eléctrica de emergencia y transferencia automática de carga con capacidad de 5 a 6 KVA, voltaje 120/240V., 60 Hz., cumpliendo con la normatividad ambiental, técnica y de seguridad vigente y las recomendaciones del fabricante de los equipos y garantía y mantenimiento por tres (3) años, de acuerdo con lo descrito en la ficha técnica de bienes y servicios de características técnicas uniformes y de común utilización. | D8: 7 | E8: UNIDAD | K8: =(L$7/K$7)*H8 -> 0 | N8: =ROUND(K8,0) -> 0
A9: 2 | C9: CSuministro, transporte, instalación, integración y puesta en funcionamiento de sistema de suplencia de energía trifásico compuesto por planta eléctrica de emergencia y transferencia automática de carga con capacidad de 10 a 13 KVA, voltaje 220/127V., 60 Hz., cumpliendo con la normatividad ambiental, técnica y de seguridad vigente y las recomendaciones del fabricante de los equipos y garantía y mantenimiento por tres (3) años, de acuerdo con lo descrito en la ficha técnica de bienes y servicios de características técnicas uniformes y de común utilización. | D9: 12 | E9: UNIDAD | K9: =(L$7/K$7)*H9 -> 0 | N9: =ROUND(K9,0) -> 0 | O9: 0 | P9: =ROUND(N9+O9,0) -> 0 | Q9: =ROUND(P9*F9,0) -> 0
A10: 3 | C10: Suministro, transporte, instalación, integración y puesta en funcionamiento de sistema de suplencia de energía trifásico compuesto por planta eléctrica de emergencia y transferencia automática de carga con capacidad de 15 a 17 KVA, voltaje 220/127V., 60 Hz., cumpliendo con la normatividad ambiental, técnica y de seguridad vigente y las recomendaciones del fabricante de los equipos y garantía y mantenimiento por tres (3) años, de acuerdo con lo descrito en la ficha técnica de bienes y servicios de características técnicas uniformes y de común utilización. | D10: 7 | E10: UNIDAD | K10: =(L$7/K$7)*H10 -> 0 | N10: =ROUND(K10,0) -> 0 | O10: 1 | P10: =ROUND(N10+O10,0) -> 1 | Q10: =ROUND(P10*F10,0) -> 0 | S10: https://www.dane.gov.co/index.php/estadisticas-por-tema/precios-y-costos/indice-de-precios-al-consumidor-ipc
A11: 4 | C11: Suministro, transporte, instalación, integración y puesta en funcionamiento de sistema de suplencia de energía trifásico compuesto por planta eléctrica de emergencia y transferencia automática de carga con capacidad de 20 a 22 KVA, voltaje 220/127V., 60 Hz., cumpliendo con la normatividad ambiental, técnica y de seguridad vigente y las recomendaciones del fabricante de los equipos y garantía y mantenimiento por tres (3) años, de acuerdo con lo descrito en la ficha técnica de bienes y servicios de características técnicas uniformes y de común utilización. | D11: 10 | E11: UNIDAD | K11: =(L$7/K$7)*H11 -> 0 | N11: =ROUND(K11,0) -> 0
A12: 5 | C12: Suministro, transporte, instalación, integración y puesta en funcionamiento de sistema de suplencia de energía trifásico compuesto por planta eléctrica de emergencia y transferencia automática de carga con capacidad de 30 a 32 KVA, voltaje 220/127V., 60 Hz., cumpliendo con la normatividad ambiental, técnica y de seguridad vigente y las recomendaciones del fabricante de los equipos y garantía y mantenimiento por tres (3) años, de acuerdo con lo descrito en la ficha técnica de bienes y servicios de características técnicas uniformes y de común utilización. | D12: 13 | E12: UNIDAD | K12: =(L$7/K$7)*H12 -> 0 | N12: =ROUND(K12,0) -> 0
A13: 6 | C13: Suministro, transporte, instalación, integración y puesta en funcionamiento de sistema de suplencia de energía trifásico compuesto por planta eléctrica de emergencia y transferencia automática de carga con capacidad de 40 a 42 KVA, voltaje 220/127V., 60 Hz., cumpliendo con la normatividad ambiental, técnica y de seguridad vigente y las recomendaciones del fabricante de los equipos y garantía y mantenimiento por tres (3) años, de acuerdo con lo descrito en la ficha técnica de bienes y servicios de características técnicas uniformes y de común utilización. | D13: 2 | E13: UNIDAD | K13: =(L$7/K$7)*H13 -> 0 | N13: =ROUND(K13,0) -> 0 | O13: 0 | P13: =ROUND(N13+O13,0) -> 0 | Q13: =ROUND(P13*F13,0) -> 0
A14: 7 | C14: Suministro, transporte, instalación, integración y puesta en funcionamiento de sistema de suplencia de energía trifásico compuesto por planta eléctrica de emergencia y transferencia automática de carga con capacidad de 50 a 55 KVA, voltaje 220/127V., 60 Hz., cumpliendo con la normatividad ambiental, técnica y de seguridad vigente y las recomendaciones del fabricante de los equipos y garantía y mantenimiento por tres (3) años, de acuerdo con lo descrito en la ficha técnica de bienes y servicios de características técnicas uniformes y de común utilización. | D14: 5 | E14: UNIDAD | K14: =(L$7/K$7)*H14 -> 0 | N14: =ROUND(K14,0) -> 0
A15: 8 | C15: Suministro, transporte, instalación, integración y puesta en funcionamiento de sistema de suplencia de energía trifásico compuesto por planta eléctrica de emergencia y transferencia automática de carga con capacidad de 75 a 80 KVA, voltaje 220/127V., 60 Hz., cumpliendo con la normatividad ambiental, técnica y de seguridad vigente y las recomendaciones del fabricante de los equipos y garantía y mantenimiento por tres (3) años, de acuerdo con lo descrito en la ficha técnica de bienes y servicios de características técnicas uniformes y de común utilización. | D15: 8 | E15: UNIDAD | K15: =(L$7/K$7)*H15 -> 0 | N15: =ROUND(K15,0) -> 0
A16: 9 | C16: Suministro, transporte, instalación, integración y puesta en funcionamiento de sistema de suplencia de energía trifásico compuesto por planta eléctrica de emergencia y transferencia automática de carga con capacidad de 120 a 125 KVA, voltaje 220/127V., 60 Hz., cumpliendo con la normatividad ambiental, técnica y de seguridad vigente y las recomendaciones del fabricante de los equipos y garantía y mantenimiento por tres (3) años, de acuerdo con lo descrito en la ficha técnica de bienes y servicios de características técnicas uniformes y de común utilización. | D16: 1 | E16: UNIDAD | K16: =(L$7/K$7)*H16 -> 0 | N16: =ROUND(K16,0) -> 0
A17: 10 | C17: Suministro, transporte, instalación, integración y puesta en funcionamiento de sistema de suplencia de energía trifásico compuesto por planta eléctrica de emergencia y transferencia automática de carga con capacidad de 150 a 160 KVA, voltaje 220/127V., 60 Hz., cumpliendo con la normatividad ambiental, técnica y de seguridad vigente y las recomendaciones del fabricante de los equipos y garantía y mantenimiento por tres (3) años, de acuerdo con lo descrito en la ficha técnica de bienes y servicios de características técnicas uniformes y de común utilización. | D17: 2 | E17: UNIDAD | K17: =(L$7/K$7)*H17 -> 0 | N17: =ROUND(K17,0) -> 0
A18: 11 | C18: Suministro, transporte, instalación, integración y puesta en funcionamiento de sistema de suplencia de energía trifásico compuesto por planta eléctrica de emergencia y transferencia automática de carga con capacidad de 250 a 260 KVA, voltaje 220/127V., 60 Hz., cumpliendo con la normatividad ambiental, técnica y de seguridad vigente y las recomendaciones del fabricante de los equipos y garantía y mantenimiento por tres (3) años, de acuerdo con lo descrito en la ficha técnica de bienes y servicios de características técnicas uniformes y de común utilización. | D18: 1 | E18: UNIDAD | K18: =(L$7/K$7)*H18 -> 0 | N18: =ROUND(K18,0) -> 0
A19: 12 | C19: Suministro, transporte, instalación, integración y puesta en funcionamiento de sistema de suplencia de energía trifásico compuesto por planta eléctrica de emergencia y transferencia automática de carga con capacidad de 300 a 320 KVA, voltaje 220/127V., 60 Hz., cumpliendo con la normatividad ambiental, técnica y de seguridad vigente y las recomendaciones del fabricante de los equipos y garantía y mantenimiento por tres (3) años, de acuerdo con lo descrito en la ficha técnica de bienes y servicios de características técnicas uniformes y de común utilización. | D19: 2 | E19: UNIDAD | K19: =(L$7/K$7)*H19 -> 0 | N19: =ROUND(K19,0) -> 0
B20: VALOR TOTAL | E20: UNIDAD | K20: =(L$7/K$7)*H20 -> 0 | N20: =ROUND(K20,0) -> 0
B21: GRUPO II: ADQUISICIÓN UPSs TRIFÁSICAS ENTRE 20 Y 100 KVA | E21: UNIDAD | K21: =(L$7/K$7)*H21 -> 0 | N21: =ROUND(K21,0) -> 0
A22: 1 | C22: Suministro, transporte, instalación, integración y puesta en funcionamiento de UPS Trifásica de 20 KVA, tecnología Online, modular, con posibilidad de ampliación a futuro hasta 40 KVA, con bypass estático interno, incluye: Tarjeta de Red con RJ45 SNMP. Voltaje de entrada y salida 120/208V., 60 Hz., desmonte y traslado de equipos existentes, suministro e instalación de tablero de by pass manual externo, acometidas necesarias para su correcta instalación y buen funcionamiento, todo acorde con la capacidad de la UPS y garantía y mantenimiento por tres (3) años, de acuerdo con lo descrito en la ficha técnica de bienes y servicios de características técnicas uniformes y de común utilización | D22: 2 | E22: UNIDAD | K22: =(L$7/K$7)*H22 -> 0 | N22: =ROUND(K22,0) -> 0
A23: 2 | C23: Suministro, transporte, instalación, integración y puesta en funcionamiento de un sistema compuesto por dos (2) UPS Trifásica de 40 KVA, frame 40 KVA, tecnología Online, modular, con bypass estático interno, tarjeta de Red con RJ45 SNMP. Voltaje de entrada y salida 120/208V., 60 Hz., desmonte y traslado de equipos existentes, suministro e instalación de tablero de by pass manual externo y conexión paralelo en configuración N+1 de las UPS. Incluye levantamiento de planos arquitectónicos básicos y eléctricos del laboratorio, se entregan diagramas existentes y futuros con la descripción detallada de los ajustes necesarios para dejar la instalación con el cumplimiento de la norma Colombiana vigente, modificaciones básicas de señalización y barreras de protección, al igual que la acometida de alimentación a tablero de distribución en pasillo y las acometidas necesarias para su correcta instalación y buen funcionamiento, todo acorde con la capacidad de las UPSs y garantía y mantenimiento por tres (3) años, de acuerdo con lo descrito en la ficha técnica de bienes y servicios de características técnicas uniformes y de común utilización. | D23: 1 | E23: UNIDAD | K23: =(L$7/K$7)*H23 -> 0 | N23: =ROUND(K23,0) -> 0
A24: 3 | C24: Suministro, transporte, instalación, integración y puesta en funcionamiento de UPS Trifásica de 100 KVA, tecnología Online, modular, con bypass estático interno, incluye: Tarjeta de Red con RJ45 SNMP. Voltaje de entrada y salida 120/208V., 60 Hz., desmonte y traslado de equipos existentes, suministro e instalación de tablero de by pass manual externo, acometidas necesarias para su correcta instalación y buen funcionamiento, todo acorde con la capacidad de la UPS y garantía y mantenimiento por tres (3) años, de acuerdo con l descrito en la ficha técnica de bienes y servicios de características técnicas uniformes y de común utilización. | D24: 1 | E24: UNIDAD | K24: =(L$7/K$7)*H24 -> 0 | N24: =ROUND(K24,0) -> 0
E25: UNIDAD | K25: =(L$7/K$7)*H25 -> 0 | N25: =ROUND(K25,0) -> 0 | O25: 1 | P25: =ROUND(N24+O25,0) -> 1 | Q25: =ROUND(P25*F25,0) -> 0
B26: GRUPO III: MANTENIMIENTO UPS MARCA VERTIV-LIEBERT | E26: UNIDAD | K26: =(L$7/K$7)*H26 -> 0 | N26: =ROUND(K26,0) -> 0
A27: 1 | C27: Mantenimiento preventivo y correctivo técnico integral especializado con suministro de insumos y repuestos para UPS marca VERTIV-LIEBERT, referencia eXM de 20 KVA, incluye cambio de banco de baterías de 12 V., 17 Ah., x 24 unidades, garantía y mantenimiento por tres (3) años, según cantidades, especificaciones y características descritas en la ficha técnica anexa. | D27: 1 | E27: UNIDAD | K27: =(L$7/K$7)*H27 -> 0 | N27: =ROUND(K27,0) -> 0
A28: 2 | C28: Mantenimiento preventivo y correctivo técnico integral especializado con suministro de insumos y repuestos para UPS marca VERTIV-LIEBERT, referencia eXM de 20 KVA, incluye cambio de banco de baterías de 12 V., 26 Ah., x 24 unidades, garantía y mantenimiento por tres (3) años, según cantidades, especificaciones y características descritas en la ficha técnica anexa. | D28: 2 | E28: UNIDAD | K28: =(L$7/K$7)*H28 -> 0 | N28: =ROUND(K28,0) -> 0
A29: 3 | C29: Mantenimiento preventivo y correctivo técnico integral especializado con suministro de insumos y repuestos para dos (2) UPSs marca VERTIV-LIEBERT, referencia eXM de 40 KVA, en configuración paralelo N+1, incluye cambio de un (1) ventilador principal del gabinete de una de las UPSs, garantía y mantenimiento por tres (3) años, según cantidades, especificaciones y características descritas en la ficha técnica anexa | D29: 1 | E29: UNIDAD | K29: =(L$7/K$7)*H29 -> 0 | N29: =ROUND(K29,0) -> 0
A30: 4 | C30: Mantenimiento preventivo y correctivo técnico integral especializado con suministro de insumos y repuestos para UPS marca VERTIV-LIEBERT, referencia eXM de 40 KVA, incluye cambio de banco de baterías de 12 V., 55 Ah., x 24 unidades, garantía y mantenimiento por tres (3) años, según cantidades, especificaciones y características descritas en la ficha técnica anexa. | D30: 2 | E30: UNIDAD | K30: =(L$7/K$7)*H30 -> 0 | N30: =ROUND(K30,0) -> 0
A31: 5 | C31: Mantenimiento preventivo y correctivo técnico integral especializado con suministro de insumos y repuestos para UPS marca VERTIV-LIEBERT, referencia NXr de 60 KVA, incluye garantía y mantenimiento por tres (3) años, según cantidades, especificaciones y características descritas en la ficha técnica anexa. | D31: 1 | E31: UNIDAD | K31: =(L$7/K$7)*H31 -> 0 | N31: =ROUND(K31,0) -> 0
A32: 6 | C32: Mantenimiento preventivo y correctivo técnico integral especializado con suministro de insumos y repuestos para UPS marca VERTIV-LIEBERT, referencia eXM de 60 KVA, incluye cambio de banco de baterías de 12 V., 80 Ah., x 24 unidades, garantía y mantenimiento por tres (3) años, según cantidades, especificaciones y características descritas en la ficha técnica anexa. | D32: 4 | E32: UNIDAD | K32: =(L$7/K$7)*H32 -> 0 | N32: =ROUND(K32,0) -> 0
A33: 7 | C33: Mantenimiento preventivo y correctivo técnico integral especializado con suministro de insumos y repuestos para UPS marca VERTIV-LIEBERT, referencia eXM de 80 KVA, incluye cambio de banco de baterías de 12 V., 120 Ah., x 24 unidades, garantía y mantenimiento por tres (3) años, según cantidades, especificaciones y características descritas en la ficha técnica anexa. | D33: 1 | E33: UNIDAD | K33: =(L$7/K$7)*H33 -> 0 | N33: =ROUND(K33,0) -> 0
A34: 8 | C34: Mantenimiento preventivo y correctivo técnico integral especializado con suministro de insumos y repuestos para UPS marca VERTIV-LIEBERT, referencia eXM de 100 KVA, incluye cambio de banco de baterías de 12 V., 150 Ah., x 24 unidades, garantía y mantenimiento por tres (3) años, según cantidades, especificaciones y características descritas en la ficha técnica anexa. | D34: 1 | E34: UNIDAD | K34: =(L$7/K$7)*H34 -> 0 | N34: =ROUND(K34,0) -> 0
A35: 9 | C35: Suministro e instalación de módulo de 20 KVA para UPS marca VERTIV-LIEBERT, referencia eXM, incluye reprogramación del equipo, garantía y mantenimiento por tres (3) años, según cantidades, especificaciones y características descritas en la ficha técnica anexa. NOTA: No incluye cambio de banco de baterías. | D35: 1 | E35: UNIDAD | K35: =(L$7/K$7)*H35 -> 0 | N35: =ROUND(K35,0) -> 0
B36: VALOR TOTAL

Sheet ANEXO 2  cotizaciones
A2: ANEXO2:
E3: “ADQUIRIR, INSTALAR Y PONER EN FUNCIONAMIENTO SISTEMAS DE RESPALDO ENERGÉTICO ASÍ: GRUPO I: ADQUISICIÓN SISTEMAS DE SUPLENCIA DE ENERGÍA COMPUESTOS POR PLANTAS ELECTRICAS DE EMERGENCIA Y TRANSFERENCIAS AUTOMÁTICAS DE CARGA PARA SEDES DE LA FISCALÍA GENERAL DE LA NACIÓN A NIVEL NACIONAL. GRUPO II: COMPRAVENTA, TRANSPORTE, INSTALACIÓN, INTEGRACIÓN Y PUESTA EN FUNCIONAMIENTO DE UPSs PARA EL NIVEL CENTRAL DE LA FISCALÍA GENERAL DE LA NACIÓN. GRUPO III: PRESTAR EL SERVICIO DE MANTENIMIENTO PREVENTIVO Y CORRECTIVO TÉCNICO INTEGRAL ESPECIALIZADO CON SUMINISTRO DE INSUMOS Y REPUESTOS PARA LAS UPS MARCA VERTIV-LIEBERT DEL NIVEL CENTRAL DE LA FISCALÍA GENERAL DE LA NACIÓN..”
G4: VALOR COTIZACIONES | L4: ANÁLISIS PROYECCIÓN COSTOS HISTÓRICOS (IPC / Índices - Serie de empalme) | Q4: PRESUPUESTO TOTAL ASIGNADO AL PROCESO
B5: ÍTEM | C5: UNIDAD DE MEDIDA | E5: CANTIDAD | G5: VALOR UNITARIO | H5: IVA | I5: VALOR UNITARIO CON IVA | J5: VALOR TOTAL INCLUIDO IVA | L5: VALOR UNITARIO | M5: IVA | N5: VALOR UNITARIO CON IVA | O5: VALOR TOTAL INCLUIDO IVA | Q5: VALOR UNITARIO | R5: IVA | S5: VALOR UNITARIO CON IVA | T5: VALOR TOTAL INCLUIDO IVA
B7: GRUPO I: ADQUISICIÓN SISTEMAS DE SUPLENCIA DE ENERGÍA ELECTRICA COMPUESTOS POR PLANTAS ELECTRICAS DE EMERGENCIA Y TRANSFERENCIAS AUTOMÁTICAS DE CARGA
B8: 1 | C8: U | D8: Suministro, transporte, instalación, integración y puesta en funcionamiento de sistema de suplencia de energía bifásico compuesto por planta eléctrica de emergencia y transferencia automática de carga con capacidad de 5 a 6 KVA, voltaje 120/240V., 60 Hz., cumpliendo con la normatividad ambiental, técnica y de seguridad vigente y las recomendaciones del fabricante de los equipos y garantía y mantenimiento por tres (3) años, de acuerdo con lo descrito en la ficha técnica de bienes y servicios de características técnicas uniformes y de común utilización. | E8: 1 | G8: ='ANEXO 1'!AK8 -> 89939809 | H8: =ROUND(G8*19%,2) -> 17088564 | I8: =ROUND(G8+H8,2) -> 1.0702837e+08 | J8: =ROUND(I8*E8,2) -> 1.0702837e+08 | M8: =ROUND(L8*19%,2) -> 0 | N8: =ROUND(L8+M8,2) -> 0 | O8: =ROUND(N8*E8,2) -> 0 | Q8: =ROUND(AVERAGE(G8),2) -> 89939809 | R8: =ROUND(Q8*19%,2) -> 17088564 | S8: =ROUND(Q8+R8,2) -> 1.0702837e+08 | T8: =ROUND(S8*E8,2) -> 1.0702837e+08
B9: 2 | D9: CSuministro, transporte, instalación, integración y puesta en funcionamiento de sistema de suplencia de energía trifásico compuesto por planta eléctrica de emergencia y transferencia automática de carga con capacidad de 10 a 13 KVA, voltaje 220/127V., 60 Hz., cumpliendo con la normatividad ambiental, técnica y de seguridad vigente y las recomendaciones del fabricante de los equipos y garantía y mantenimiento por tres (3) años, de acuerdo con lo descrito en la ficha técnica de bienes y servicios de características técnicas uniformes y de común utilización. | E9: 1 | G9: ='ANEXO 1'!AK9 -> 82920268 | H9: =ROUND(G9*19%,2) -> 15754851 | I9: =ROUND(G9+H9,2) -> 98675119 | J9: =ROUND(I9*E9,2) -> 98675119 | M9: =ROUND(L9*19%,2) -> 0 | N9: =ROUND(L9+M9,2) -> 0 | O9: =ROUND(N9*E9,2) -> 0 | Q9: =ROUND(AVERAGE(G9),2) -> 82920268 | R9: =ROUND(Q9*19%,2) -> 15754851 | S9: =ROUND(Q9+R9,2) -> 98675119 | T9: =ROUND(S9*E9,2) -> 98675119
B10: 3 | D10: Suministro, transporte, instalación, integración y puesta en funcionamiento de sistema de suplencia de energía trifásico compuesto por planta eléctrica de emergencia y transferencia automática de carga con capacidad de 15 a 17 KVA, voltaje 220/127V., 60 Hz., cumpliendo con la normatividad ambiental, técnica y de seguridad vigente y las recomendaciones del fabricante de los equipos y garantía y mantenimiento por tres (3) años, de acuerdo con lo descrito en la ficha técnica de bienes y servicios de características técnicas uniformes y de común utilización. | E10: 1 | G10: ='ANEXO 1'!AK10 -> 84071226 | H10: =ROUND(G10*19%,2) -> 15973533 | I10: =ROUND(G10+H10,2) -> 1.0004476e+08 | J10: =ROUND(I10*E10,2) -> 1.0004476e+08 | M10: =ROUND(L10*19%,2) -> 0 | N10: =ROUND(L10+M10,2) -> 0 | O10: =ROUND(N10*E10,2) -> 0 | Q10: =ROUND(AVERAGE(G10),2) -> 84071226 | R10: =ROUND(Q10*19%,2) -> 15973533 | S10: =ROUND(Q10+R10,2) -> 1.0004476e+08 | T10: =ROUND(S10*E10,2) -> 1.0004476e+08
B11: 4 | D11: Suministro, transporte, instalación, integración y puesta en funcionamiento de sistema de suplencia de energía trifásico compuesto por planta eléctrica de emergencia y transferencia automática de carga con capacidad de 20 a 22 KVA, voltaje 220/127V., 60 Hz., cumpliendo con la normatividad ambiental, técnica y de seguridad vigente y las recomendaciones del fabricante de los equipos y garantía y mantenimiento por tres (3) años, de acuerdo con lo descrito en la ficha técnica de bienes y servicios de características técnicas uniformes y de común utilización. | E11: 1 | G11: ='ANEXO 1'!AK11 -> 92353713 | H11: =ROUND(G11*19%,2) -> 17547206 | I11: =ROUND(G11+H11,2) -> 1.0990092e+08 | J11: =ROUND(I11*E11,2) -> 1.0990092e+08 | M11: =ROUND(L11*19%,2) -> 0 | N11: =ROUND(L11+M11,2) -> 0 | O11: =ROUND(N11*E11,2) -> 0 | Q11: =ROUND(AVERAGE(G11),2) -> 92353713 | R11: =ROUND(Q11*19%,2) -> 17547206 | S11: =ROUND(Q11+R11,2) -> 1.0990092e+08 | T11: =ROUND(S11*E11,2) -> 1.0990092e+08
B12: 5 | D12: Suministro, transporte, instalación, integración y puesta en funcionamiento de sistema de suplencia de energía trifásico compuesto por planta eléctrica de emergencia y transferencia automática de carga con capacidad de 30 a 32 KVA, voltaje 220/127V., 60 Hz., cumpliendo con la normatividad ambiental, técnica y de seguridad vigente y las recomendaciones del fabricante de los equipos y garantía y mantenimiento por tres (3) años, de acuerdo con lo descrito en la ficha técnica de bienes y servicios de características técnicas uniformes y de común utilización. | E12: 1 | G12: ='ANEXO 1'!AK12 -> 1.0230757e+08 | H12: =ROUND(G12*19%,2) -> 19438438 | I12: =ROUND(G12+H12,2) -> 1.21746e+08 | J12: =ROUND(I12*E12,2) -> 1.21746e+08 | M12: =ROUND(L12*19%,2) -> 0 | N12: =ROUND(L12+M12,2) -> 0 | O12: =ROUND(N12*E12,2) -> 0 | Q12: =ROUND(AVERAGE(G12),2) -> 1.0230757e+08 | R12: =ROUND(Q12*19%,2) -> 19438438 | S12: =ROUND(Q12+R12,2) -> 1.21746e+08 | T12: =ROUND(S12*E12,2) -> 1.21746e+08
B13: 6 | D13: Suministro, transporte, instalación, integración y puesta en funcionamiento de sistema de suplencia de energía trifásico compuesto por planta eléctrica de emergencia y transferencia automática de carga con capacidad de 40 a 42 KVA, voltaje 220/127V., 60 Hz., cumpliendo con la normatividad ambiental, técnica y de seguridad vigente y las recomendaciones del fabricante de los equipos y garantía y mantenimiento por tres (3) años, de acuerdo con lo descrito en la ficha técnica de bienes y servicios de características técnicas uniformes y de común utilización. | E13: 1 | G13: ='ANEXO 1'!AK13 -> 1.136156e+08 | H13: =ROUND(G13*19%,2) -> 21586963 | I13: =ROUND(G13+H13,2) -> 1.3520256e+08 | J13: =ROUND(I13*E13,2) -> 1.3520256e+08 | M13: =ROUND(L13*19%,2) -> 0 | N13: =ROUND(L13+M13,2) -> 0 | O13: =ROUND(N13*E13,2) -> 0 | Q13: =ROUND(AVERAGE(G13),2) -> 1.136156e+08 | R13: =ROUND(Q13*19%,2) -> 21586963 | S13: =ROUND(Q13+R13,2) -> 1.3520256e+08 | T13: =ROUND(S13*E13,2) -> 1.3520256e+08
B14: 7 | D14: Suministro, transporte, instalación, integración y puesta en funcionamiento de sistema de suplencia de energía trifásico compuesto por planta eléctrica de emergencia y transferencia automática de carga con capacidad de 50 a 55 KVA, voltaje 220/127V., 60 Hz., cumpliendo con la normatividad ambiental, técnica y de seguridad vigente y las recomendaciones del fabricante de los equipos y garantía y mantenimiento por tres (3) años, de acuerdo con lo descrito en la ficha técnica de bienes y servicios de características técnicas uniformes y de común utilización. | E14: 1 | G14: ='ANEXO 1'!AK14 -> 1.3902454e+08 | H14: =ROUND(G14*19%,2) -> 26414662 | I14: =ROUND(G14+H14,2) -> 1.654392e+08 | J14: =ROUND(I14*E14,2) -> 1.654392e+08 | M14: =ROUND(L14*19%,2) -> 0 | N14: =ROUND(L14+M14,2) -> 0 | O14: =ROUND(N14*E14,2) -> 0 | Q14: =ROUND(AVERAGE(G14),2) -> 1.3902454e+08 | R14: =ROUND(Q14*19%,2) -> 26414662 | S14: =ROUND(Q14+R14,2) -> 1.654392e+08 | T14: =ROUND(S14*E14,2) -> 1.654392e+08
B15: 8 | D15: Suministro, transporte, instalación, integración y puesta en funcionamiento de sistema de suplencia de energía trifásico compuesto por planta eléctrica de emergencia y transferencia automática de carga con capacidad de 75 a 80 KVA, voltaje 220/127V., 60 Hz., cumpliendo con la normatividad ambiental, técnica y de seguridad vigente y las recomendaciones del fabricante de los equipos y garantía y mantenimiento por tres (3) años, de acuerdo con lo descrito en la ficha técnica de bienes y servicios de características técnicas uniformes y de común utilización. | E15: 1 | G15: ='ANEXO 1'!AK15 -> 1.5415369e+08 | H15: =ROUND(G15*19%,2) -> 29289202 | I15: =ROUND(G15+H15,2) -> 1.834429e+08 | J15: =ROUND(I15*E15,2) -> 1.834429e+08 | M15: =ROUND(L15*19%,2) -> 0 | N15: =ROUND(L15+M15,2) -> 0 | O15: =ROUND(N15*E15,2) -> 0 | Q15: =ROUND(AVERAGE(G15),2) -> 1.5415369e+08 | R15: =ROUND(Q15*19%,2) -> 29289202 | S15: =ROUND(Q15+R15,2) -> 1.834429e+08 | T15: =ROUND(S15*E15,2) -> 1.834429e+08
B16: 9 | D16: Suministro, transporte, instalación, integración y puesta en funcionamiento de sistema de suplencia de energía trifásico compuesto por planta eléctrica de emergencia y transferencia automática de carga con capacidad de 120 a 125 KVA, voltaje 220/127V., 60 Hz., cumpliendo con la normatividad ambiental, técnica y de seguridad vigente y las recomendaciones del fabricante de los equipos y garantía y mantenimiento por tres (3) años, de acuerdo con lo descrito en la ficha técnica de bienes y servicios de características técnicas uniformes y de común utilización. | E16: 1 | G16: ='ANEXO 1'!AK16 -> 2.3082956e+08 | H16: =ROUND(G16*19%,2) -> 43857617 | I16: =ROUND(G16+H16,2) -> 2.7468718e+08 | J16: =ROUND(I16*E16,2) -> 2.7468718e+08 | M16: =ROUND(L16*19%,2) -> 0 | N16: =ROUND(L16+M16,2) -> 0 | O16: =ROUND(N16*E16,2) -> 0 | Q16: =ROUND(AVERAGE(G16),2) -> 2.3082956e+08 | R16: =ROUND(Q16*19%,2) -> 43857617 | S16: =ROUND(Q16+R16,2) -> 2.7468718e+08 | T16: =ROUND(S16*E16,2) -> 2.7468718e+08
B17: 10 | D17: Suministro, transporte, instalación, integración y puesta en funcionamiento de sistema de suplencia de energía trifásico compuesto por planta eléctrica de emergencia y transferencia automática de carga con capacidad de 150 a 160 KVA, voltaje 220/127V., 60 Hz., cumpliendo con la normatividad ambiental, técnica y de seguridad vigente y las recomendaciones del fabricante de los equipos y garantía y mantenimiento por tres (3) años, de acuerdo con lo descrito en la ficha técnica de bienes y servicios de características técnicas uniformes y de común utilización. | E17: 1 | G17: ='ANEXO 1'!AK17 -> 2.4995035e+08 | H17: =ROUND(G17*19%,2) -> 47490566 | I17: =ROUND(G17+H17,2) -> 2.9744091e+08 | J17: =ROUND(I17*E17,2) -> 2.9744091e+08 | M17: =ROUND(L17*19%,2) -> 0 | N17: =ROUND(L17+M17,2) -> 0 | O17: =ROUND(N17*E17,2) -> 0 | Q17: =ROUND(AVERAGE(G17),2) -> 2.4995035e+08 | R17: =ROUND(Q17*19%,2) -> 47490566 | S17: =ROUND(Q17+R17,2) -> 2.9744091e+08 | T17: =ROUND(S17*E17,2) -> 2.9744091e+08
B18: 11 | D18: Suministro, transporte, instalación, integración y puesta en funcionamiento de sistema de suplencia de energía trifásico compuesto por planta eléctrica de emergencia y transferencia automática de carga con capacidad de 250 a 260 KVA, voltaje 220/127V., 60 Hz., cumpliendo con la normatividad ambiental, técnica y de seguridad vigente y las recomendaciones del fabricante de los equipos y garantía y mantenimiento por tres (3) años, de acuerdo con lo descrito en la ficha técnica de bienes y servicios de características técnicas uniformes y de común utilización. | E18: 1 | G18: ='ANEXO 1'!AK18 -> 3.5693259e+08 | H18: =ROUND(G18*19%,2) -> 67817191 | I18: =ROUND(G18+H18,2) -> 4.2474978e+08 | J18: =ROUND(I18*E18,2) -> 4.2474978e+08 | M18: =ROUND(L18*19%,2) -> 0 | N18: =ROUND(L18+M18,2) -> 0 | O18: =ROUND(N18*E18,2) -> 0 | Q18: =ROUND(AVERAGE(G18),2) -> 3.5693259e+08 | R18: =ROUND(Q18*19%,2) -> 67817191 | S18: =ROUND(Q18+R18,2) -> 4.2474978e+08 | T18: =ROUND(S18*E18,2) -> 4.2474978e+08
B19: 12 | D19: Suministro, transporte, instalación, integración y puesta en funcionamiento de sistema de suplencia de energía trifásico compuesto por planta eléctrica de emergencia y transferencia automática de carga con capacidad de 300 a 320 KVA, voltaje 220/127V., 60 Hz., cumpliendo con la normatividad ambiental, técnica y de seguridad vigente y las recomendaciones del fabricante de los equipos y garantía y mantenimiento por tres (3) años, de acuerdo con lo descrito en la ficha técnica de bienes y servicios de características técnicas uniformes y de común utilización. | E19: 1 | G19: ='ANEXO 1'!AK19 -> 4.1525209e+08 | H19: =ROUND(G19*19%,2) -> 78897897 | I19: =ROUND(G19+H19,2) -> 4.9414999e+08 | J19: =ROUND(I19*E19,2) -> 4.9414999e+08 | M19: =ROUND(L19*19%,2) -> 0 | N19: =ROUND(L19+M19,2) -> 0 | O19: =ROUND(N19*E19,2) -> 0 | Q19: =ROUND(AVERAGE(G19),2) -> 4.1525209e+08 | R19: =ROUND(Q19*19%,2) -> 78897897 | S19: =ROUND(Q19+R19,2) -> 4.9414999e+08 | T19: =ROUND(S19*E19,2) -> 4.9414999e+08
C20: VALOR TOTAL | J20: =SUM(J8:J19) -> 2.5125077e+09 | S20: GRUPO 1 | T20: =SUM(T8:T19) -> 2.5125077e+09
C21: GRUPO II: ADQUISICIÓN UPSs TRIFÁSICAS ENTRE 20 Y 100 KVA
B22: 1 | D22: Suministro, transporte, instalación, integración y puesta en funcionamiento de UPS Trifásica de 20 KVA, tecnología Online, modular, con posibilidad de ampliación a futuro hasta 40 KVA, con bypass estático interno, incluye: Tarjeta de Red con RJ45 SNMP. Voltaje de entrada y salida 120/208V., 60 Hz., desmonte y traslado de equipos existentes, suministro e instalación de tablero de by pass manual externo, acometidas necesarias para su correcta instalación y buen funcionamiento, todo acorde con la capacidad de la UPS y garantía y mantenimiento por tres (3) años, de acuerdo con lo descrito en la ficha técnica de bienes y servicios de características técnicas uniformes y de común utilización | E22: 2 | G22: ='ANEXO 1'!AK22 -> 1.6378704e+08 | H22: =ROUND(G22*19%,2) -> 31119537 | I22: =ROUND(G22+H22,2) -> 1.9490658e+08 | J22: =ROUND(I22*E22,2) -> 3.8981315e+08 | M22: =ROUND(L22*19%,2) -> 0 | N22: =ROUND(L22+M22,2) -> 0 | O22: =ROUND(N22*E22,2) -> 0 | Q22: =ROUND(AVERAGE(G22),2) -> 1.6378704e+08 | R22: =ROUND(Q22*19%,2) -> 31119537 | S22: =ROUND(Q22+R22,2) -> 1.9490658e+08 | T22: =ROUND(S22*E22,2) -> 3.8981315e+08
B23: 2 | D23: Suministro, transporte, instalación, integración y puesta en funcionamiento de un sistema compuesto por dos (2) UPS Trifásica de 40 KVA, frame 40 KVA, tecnología Online, modular, con bypass estático interno, tarjeta de Red con RJ45 SNMP. Voltaje de entrada y salida 120/208V., 60 Hz., desmonte y traslado de equipos existentes, suministro e instalación de tablero de by pass manual externo y conexión paralelo en configuración N+1 de las UPS. Incluye levantamiento de planos arquitectónicos básicos y eléctricos del laboratorio, se entregan diagramas existentes y futuros con la descripción detallada de los ajustes necesarios para dejar la instalación con el cumplimiento de la norma Colombiana vigente, modificaciones básicas de señalización y barreras de protección, al igual que la acometida de alimentación a tablero de distribución en pasillo y las acometidas necesarias para su correcta instalación y buen funcionamiento, todo acorde con la capacidad de las UPSs y garantía y mantenimiento por tres (3) años, de acuerdo con lo descrito en la ficha técnica de bienes y servicios de características técnicas uniformes y de común utilización. | E23: 1 | G23: ='ANEXO 1'!AK23 -> 4.1528913e+08 | H23: =ROUND(G23*19%,2) -> 78904934 | I23: =ROUND(G23+H23,2) -> 4.9419406e+08 | J23: =ROUND(I23*E23,2) -> 4.9419406e+08 | M23: =ROUND(L23*19%,2) -> 0 | N23: =ROUND(L23+M23,2) -> 0 | O23: =ROUND(N23*E23,2) -> 0 | Q23: =ROUND(AVERAGE(G23),2) -> 4.1528913e+08 | R23: =ROUND(Q23*19%,2) -> 78904934 | S23: =ROUND(Q23+R23,2) -> 4.9419406e+08 | T23: =ROUND(S23*E23,2) -> 4.9419406e+08
B24: 3 | D24: Suministro, transporte, instalación, integración y puesta en funcionamiento de UPS Trifásica de 100 KVA, tecnología Online, modular, con bypass estático interno, incluye: Tarjeta de Red con RJ45 SNMP. Voltaje de entrada y salida 120/208V., 60 Hz., desmonte y traslado de equipos existentes, suministro e instalación de tablero de by pass manual externo, acometidas necesarias para su correcta instalación y buen funcionamiento, todo acorde con la capacidad de la UPS y garantía y mantenimiento por tres (3) años, de acuerdo con l descrito en la ficha técnica de bienes y servicios de características técnicas uniformes y de común utilización. | E24: 1 | G24: ='ANEXO 1'!AK24 -> 4.5626542e+08 | H24: =ROUND(G24*19%,2) -> 86690429 | I24: =ROUND(G24+H24,2) -> 5.4295585e+08 | J24: =ROUND(I24*E24,2) -> 5.4295585e+08 | M24: =ROUND(L24*19%,2) -> 0 | N24: =ROUND(L24+M24,2) -> 0 | O24: =ROUND(N24*E24,2) -> 0 | Q24: =ROUND(AVERAGE(G24),2) -> 4.5626542e+08 | R24: =ROUND(Q24*19%,2) -> 86690429 | S24: =ROUND(Q24+R24,2) -> 5.4295585e+08 | T24: =ROUND(S24*E24,2) -> 5.4295585e+08
J25: =SUM(J22:J24) -> 1.4269631e+09 | S25: GRUPO 2 | T25: =SUM(T22:T24) -> 1.4269631e+09
C26: GRUPO III: MANTENIMIENTO UPS MARCA VERTIV-LIEBERT
B27: 1 | D27: Mantenimiento preventivo y correctivo técnico integral especializado con suministro de insumos y repuestos para UPS marca VERTIV-LIEBERT, referencia eXM de 20 KVA, incluye cambio de banco de baterías de 12 V., 17 Ah., x 24 unidades, garantía y mantenimiento por tres (3) años, según cantidades, especificaciones y características descritas en la ficha técnica anexa. | E27: 1 | G27: ='ANEXO 1'!AK27 -> 11299853 | H27: =ROUND(G27*19%,2) -> 2146972.1 | I27: =ROUND(G27+H27,2) -> 13446826 | J27: =ROUND(I27*E27,2) -> 13446826 | M27: =ROUND(L27*19%,2) -> 0 | N27: =ROUND(L27+M27,2) -> 0 | O27: =ROUND(N27*E27,2) -> 0 | Q27: =ROUND(AVERAGE(G27),2) -> 11299853 | R27: =ROUND(Q27*19%,2) -> 2146972.1 | S27: =ROUND(Q27+R27,2) -> 13446826 | T27: =ROUND(S27*E27,2) -> 13446826
B28: 2 | D28: Mantenimiento preventivo y correctivo técnico integral especializado con suministro de insumos y repuestos para UPS marca VERTIV-LIEBERT, referencia eXM de 20 KVA, incluye cambio de banco de baterías de 12 V., 26 Ah., x 24 unidades, garantía y mantenimiento por tres (3) años, según cantidades, especificaciones y características descritas en la ficha técnica anexa. | E28: 2 | G28: ='ANEXO 1'!AK28 -> 14237435 | H28: =ROUND(G28*19%,2) -> 2705112.7 | I28: =ROUND(G28+H28,2) -> 16942548 | J28: =ROUND(I28*E28,2) -> 33885096 | M28: =ROUND(L28*19%,2) -> 0 | N28: =ROUND(L28+M28,2) -> 0 | O28: =ROUND(N28*E28,2) -> 0 | Q28: =ROUND(AVERAGE(G28),2) -> 14237435 | R28: =ROUND(Q28*19%,2) -> 2705112.7 | S28: =ROUND(Q28+R28,2) -> 16942548 | T28: =ROUND(S28*E28,2) -> 33885096
B29: 3 | D29: Mantenimiento preventivo y correctivo técnico integral especializado con suministro de insumos y repuestos para dos (2) UPSs marca VERTIV-LIEBERT, referencia eXM de 40 KVA, en configuración paralelo N+1, incluye cambio de un (1) ventilador principal del gabinete de una de las UPSs, garantía y mantenimiento por tres (3) años, según cantidades, especificaciones y características descritas en la ficha técnica anexa | E29: 1 | G29: ='ANEXO 1'!AK29 -> 25913709 | H29: =ROUND(G29*19%,2) -> 4923604.7 | I29: =ROUND(G29+H29,2) -> 30837313 | J29: =ROUND(I29*E29,2) -> 30837313 | M29: =ROUND(L29*19%,2) -> 0 | N29: =ROUND(L29+M29,2) -> 0 | O29: =ROUND(N29*E29,2) -> 0 | Q29: =ROUND(AVERAGE(G29),2) -> 25913709 | R29: =ROUND(Q29*19%,2) -> 4923604.7 | S29: =ROUND(Q29+R29,2) -> 30837313 | T29: =ROUND(S29*E29,2) -> 30837313
B30: 4 | D30: Mantenimiento preventivo y correctivo técnico integral especializado con suministro de insumos y repuestos para UPS marca VERTIV-LIEBERT, referencia eXM de 40 KVA, incluye cambio de banco de baterías de 12 V., 55 Ah., x 24 unidades, garantía y mantenimiento por tres (3) años, según cantidades, especificaciones y características descritas en la ficha técnica anexa. | E30: 2 | G30: ='ANEXO 1'!AK30 -> 28494942 | H30: =ROUND(G30*19%,2) -> 5414039 | I30: =ROUND(G30+H30,2) -> 33908981 | J30: =ROUND(I30*E30,2) -> 67817962 | M30: =ROUND(L30*19%,2) -> 0 | N30: =ROUND(L30+M30,2) -> 0 | O30: =ROUND(N30*E30,2) -> 0 | Q30: =ROUND(AVERAGE(G30),2) -> 28494942 | R30: =ROUND(Q30*19%,2) -> 5414039 | S30: =ROUND(Q30+R30,2) -> 33908981 | T30: =ROUND(S30*E30,2) -> 67817962
B31: 5 | D31: Mantenimiento preventivo y correctivo técnico integral especializado con suministro de insumos y repuestos para UPS marca VERTIV-LIEBERT, referencia NXr de 60 KVA, incluye garantía y mantenimiento por tres (3) años, según cantidades, especificaciones y características descritas en la ficha técnica anexa. | E31: 1 | G31: ='ANEXO 1'!AK31 -> 9211056.6 | H31: =ROUND(G31*19%,2) -> 1750100.8 | I31: =ROUND(G31+H31,2) -> 10961157 | J31: =ROUND(I31*E31,2) -> 10961157 | M31: =ROUND(L31*19%,2) -> 0 | N31: =ROUND(L31+M31,2) -> 0 | O31: =ROUND(N31*E31,2) -> 0 | Q31: =ROUND(AVERAGE(G31),2) -> 9211056.6 | R31: =ROUND(Q31*19%,2) -> 1750100.8 | S31: =ROUND(Q31+R31,2) -> 10961157 | T31: =ROUND(S31*E31,2) -> 10961157
B32: 6 | D32: Mantenimiento preventivo y correctivo técnico integral especializado con suministro de insumos y repuestos para UPS marca VERTIV-LIEBERT, referencia eXM de 60 KVA, incluye cambio de banco de baterías de 12 V., 80 Ah., x 24 unidades, garantía y mantenimiento por tres (3) años, según cantidades, especificaciones y características descritas en la ficha técnica anexa. | E32: 4 | G32: ='ANEXO 1'!AK32 -> 41716571 | H32: =ROUND(G32*19%,2) -> 7926148.5 | I32: =ROUND(G32+H32,2) -> 49642720 | J32: =ROUND(I32*E32,2) -> 1.9857088e+08 | M32: =ROUND(L32*19%,2) -> 0 | N32: =ROUND(L32+M32,2) -> 0 | O32: =ROUND(N32*E32,2) -> 0 | Q32: =ROUND(AVERAGE(G32),2) -> 41716571 | R32: =ROUND(Q32*19%,2) -> 7926148.5 | S32: =ROUND(Q32+R32,2) -> 49642720 | T32: =ROUND(S32*E32,2) -> 1.9857088e+08
B33: 7 | D33: Mantenimiento preventivo y correctivo técnico integral especializado con suministro de insumos y repuestos para UPS marca VERTIV-LIEBERT, referencia eXM de 80 KVA, incluye cambio de banco de baterías de 12 V., 120 Ah., x 24 unidades, garantía y mantenimiento por tres (3) años, según cantidades, especificaciones y características descritas en la ficha técnica anexa. | E33: 1 | G33: ='ANEXO 1'!AK33 -> 50732989 | H33: =ROUND(G33*19%,2) -> 9639267.8 | I33: =ROUND(G33+H33,2) -> 60372257 | J33: =ROUND(I33*E33,2) -> 60372257 | M33: =ROUND(L33*19%,2) -> 0 | N33: =ROUND(L33+M33,2) -> 0 | O33: =ROUND(N33*E33,2) -> 0 | Q33: =ROUND(AVERAGE(G33),2) -> 50732989 | R33: =ROUND(Q33*19%,2) -> 9639267.8 | S33: =ROUND(Q33+R33,2) -> 60372257 | T33: =ROUND(S33*E33,2) -> 60372257
B34: 8 | D34: Mantenimiento preventivo y correctivo técnico integral especializado con suministro de insumos y repuestos para UPS marca VERTIV-LIEBERT, referencia eXM de 100 KVA, incluye cambio de banco de baterías de 12 V., 150 Ah., x 24 unidades, garantía y mantenimiento por tres (3) años, según cantidades, especificaciones y características descritas en la ficha técnica anexa. | E34: 1 | G34: ='ANEXO 1'!AK34 -> 61383227 | H34: =ROUND(G34*19%,2) -> 11662813 | I34: =ROUND(G34+H34,2) -> 73046041 | J34: =ROUND(I34*E34,2) -> 73046041 | M34: =ROUND(L34*19%,2) -> 0 | N34: =ROUND(L34+M34,2) -> 0 | O34: =ROUND(N34*E34,2) -> 0 | Q34: =ROUND(AVERAGE(G34),2) -> 61383227 | R34: =ROUND(Q34*19%,2) -> 11662813 | S34: =ROUND(Q34+R34,2) -> 73046041 | T34: =ROUND(S34*E34,2) -> 73046041
B35: 9 | D35: Suministro e instalación de módulo de 20 KVA para UPS marca VERTIV-LIEBERT, referencia eXM, incluye reprogramación del equipo, garantía y mantenimiento por tres (3) años, según cantidades, especificaciones y características descritas en la ficha técnica anexa. NOTA: No incluye cambio de banco de baterías. | E35: 1 | G35: ='ANEXO 1'!AK35 -> 35399255 | H35: =ROUND(G35*19%,2) -> 6725858.5 | I35: =ROUND(G35+H35,2) -> 42125114 | J35: =ROUND(I35*E35,2) -> 42125114 | M35: =ROUND(L35*19%,2) -> 0 | N35: =ROUND(L35+M35,2) -> 0 | O35: =ROUND(N35*E35,2) -> 0 | Q35: =ROUND(AVERAGE(G35),2) -> 35399255 | R35: =ROUND(Q35*19%,2) -> 6725858.5 | S35: =ROUND(Q35+R35,2) -> 42125114 | T35: =ROUND(S35*E35,2) -> 42125114
C36: VALOR TOTAL | J36: =SUM(J27:J35) -> 5.3106264e+08 | O36: =ROUND(N36*E36,2) -> 0 | S36: GRUPO 3 | T36: =SUM(T27:T35) -> 5.3106264e+08

Sheet ANEXO 3 GRUPO  I
A2: ANEXO 3 - GRUPO 1
B3: RESULTADO DEL ANÁLISIS DE COSTOS BASADO EN OFERTAS ECONÓMICAS.
B4: “ADQUIRIR, INSTALAR Y PONER EN FUNCIONAMIENTO SISTEMAS DE RESPALDO ENERGÉTICO ASÍ: GRUPO I: ADQUISICIÓN SISTEMAS DE SUPLENCIA DE ENERGÍA COMPUESTOS POR PLANTAS ELECTRICAS DE EMERGENCIA Y TRANSFERENCIAS AUTOMÁTICAS DE CARGA PARA SEDES DE LA FISCALÍA GENERAL DE LA NACIÓN A NIVEL NACIONAL. GRUPO II: COMPRAVENTA, TRANSPORTE, INSTALACIÓN, INTEGRACIÓN Y PUESTA EN FUNCIONAMIENTO DE UPSs PARA EL NIVEL CENTRAL DE LA FISCALÍA GENERAL DE LA NACIÓN. GRUPO III: PRESTAR EL SERVICIO DE MANTENIMIENTO PREVENTIVO Y CORRECTIVO TÉCNICO INTEGRAL ESPECIALIZADO CON SUMINISTRO DE INSUMOS Y REPUESTOS PARA LAS UPS MARCA VERTIV-LIEBERT DEL NIVEL CENTRAL DE LA FISCALÍA GENERAL DE LA NACIÓN..”
A5: ÍTEM | B5: UNIDAD DE MEDIDA | C5: DESCRIPCION | D5: ESPECIFICACIONES | E5: CANTIDAD | G5: VALOR SELECCIONADO
A7: GRUPO I: ADQUISICIÓN SISTEMAS DE SUPLENCIA DE ENERGÍA ELECTRICA COMPUESTOS POR PLANTAS ELECTRICAS DE EMERGENCIA Y TRANSFERENCIAS AUTOMÁTICAS DE CARGA | G7: VALOR UNITARIO | H7: IVA | I7: VALOR UNITARIO CON IVA | J7: VALOR TOTAL INCLUIDO IVA
A8: 1 | B8: U | C8: Suministro, transporte, instalación, integración y puesta en funcionamiento de sistema de suplencia de energía bifásico compuesto por planta eléctrica de emergencia y transferencia automática de carga con capacidad de 5 a 6 KVA, voltaje 120/240V., 60 Hz., cumpliendo con la normatividad ambiental, técnica y de seguridad vigente y las recomendaciones del fabricante de los equipos y garantía y mantenimiento por tres (3) años, de acuerdo con lo descrito en la ficha técnica de bienes y servicios de características técnicas uniformes y de común utilización. | D8: De acuerdo a las especificaciones remitidas por la Entidad | E8: 1 | G8: ='ANEXO 2 cotizaciones'!Q8 -> 89939809 | H8: =ROUND(G8*19%,2) -> 17088564 | I8: =ROUND(G8+H8,2) -> 1.0702837e+08 | J8: =ROUND(I8*E8,2) -> 1.0702837e+08
A9: 2 | C9: CSuministro, transporte, instalación, integración y puesta en funcionamiento de sistema de suplencia de energía trifásico compuesto por planta eléctrica de emergencia y transferencia automática de carga con capacidad de 10 a 13 KVA, voltaje 220/127V., 60 Hz., cumpliendo con la normatividad ambiental, técnica y de seguridad vigente y las recomendaciones del fabricante de los equipos y garantía y mantenimiento por tres (3) años, de acuerdo con lo descrito en la ficha técnica de bienes y servicios de características técnicas uniformes y de común utilización. | D9: De acuerdo a las especificaciones remitidas por la Entidad | E9: 1 | G9: ='ANEXO 2 cotizaciones'!Q9 -> 82920268 | H9: =ROUND(G9*19%,2) -> 15754851 | I9: =ROUND(G9+H9,2) -> 98675119 | J9: =ROUND(I9*E9,2) -> 98675119
A10: 3 | C10: Suministro, transporte, instalación, integración y puesta en funcionamiento de sistema de suplencia de energía trifásico compuesto por planta eléctrica de emergencia y transferencia automática de carga con capacidad de 15 a 17 KVA, voltaje 220/127V., 60 Hz., cumpliendo con la normatividad ambiental, técnica y de seguridad vigente y las recomendaciones del fabricante de los equipos y garantía y mantenimiento por tres (3) años, de acuerdo con lo descrito en la ficha técnica de bienes y servicios de características técnicas uniformes y de común utilización. | D10: De acuerdo a las especificaciones remitidas por la Entidad | E10: 1 | G10: ='ANEXO 2 cotizaciones'!Q10 -> 84071226 | H10: =ROUND(G10*19%,2) -> 15973533 | I10: =ROUND(G10+H10,2) -> 1.0004476e+08 | J10: =ROUND(I10*E10,2) -> 1.0004476e+08
A11: 4 | C11: Suministro, transporte, instalación, integración y puesta en funcionamiento de sistema de suplencia de energía trifásico compuesto por planta eléctrica de emergencia y transferencia automática de carga con capacidad de 20 a 22 KVA, voltaje 220/127V., 60 Hz., cumpliendo con la normatividad ambiental, técnica y de seguridad vigente y las recomendaciones del fabricante de los equipos y garantía y mantenimiento por tres (3) años, de acuerdo con lo descrito en la ficha técnica de bienes y servicios de características técnicas uniformes y de común utilización. | D11: De acuerdo a las especificaciones remitidas por la Entidad | E11: 1 | G11: ='ANEXO 2 cotizaciones'!Q11 -> 92353713 | H11: =ROUND(G11*19%,2) -> 17547206 | I11: =ROUND(G11+H11,2) -> 1.0990092e+08 | J11: =ROUND(I11*E11,2) -> 1.0990092e+08
A12: 5 | C12: Suministro, transporte, instalación, integración y puesta en funcionamiento de sistema de suplencia de energía trifásico compuesto por planta eléctrica de emergencia y transferencia automática de carga con capacidad de 30 a 32 KVA, voltaje 220/127V., 60 Hz., cumpliendo con la normatividad ambiental, técnica y de seguridad vigente y las recomendaciones del fabricante de los equipos y garantía y mantenimiento por tres (3) años, de acuerdo con lo descrito en la ficha técnica de bienes y servicios de características técnicas uniformes y de común utilización. | D12: De acuerdo a las especificaciones remitidas por la Entidad | E12: 1 | G12: ='ANEXO 2 cotizaciones'!Q12 -> 1.0230757e+08 | H12: =ROUND(G12*19%,2) -> 19438438 | I12: =ROUND(G12+H12,2) -> 1.21746e+08 | J12: =ROUND(I12*E12,2) -> 1.21746e+08
A13: 6 | C13: Suministro, transporte, instalación, integración y puesta en funcionamiento de sistema de suplencia de energía trifásico compuesto por planta eléctrica de emergencia y transferencia automática de carga con capacidad de 40 a 42 KVA, voltaje 220/127V., 60 Hz., cumpliendo con la normatividad ambiental, técnica y de seguridad vigente y las recomendaciones del fabricante de los equipos y garantía y mantenimiento por tres (3) años, de acuerdo con lo descrito en la ficha técnica de bienes y servicios de características técnicas uniformes y de común utilización. | D13: De acuerdo a las especificaciones remitidas por la Entidad | E13: 1 | G13: ='ANEXO 2 cotizaciones'!Q13 -> 1.136156e+08 | H13: =ROUND(G13*19%,2) -> 21586963 | I13: =ROUND(G13+H13,2) -> 1.3520256e+08 | J13: =ROUND(I13*E13,2) -> 1.3520256e+08
A14: 7 | C14: Suministro, transporte, instalación, integración y puesta en funcionamiento de sistema de suplencia de energía trifásico compuesto por planta eléctrica de emergencia y transferencia automática de carga con capacidad de 50 a 55 KVA, voltaje 220/127V., 60 Hz., cumpliendo con la normatividad ambiental, técnica y de seguridad vigente y las recomendaciones del fabricante de los equipos y garantía y mantenimiento por tres (3) años, de acuerdo con lo descrito en la ficha técnica de bienes y servicios de características técnicas uniformes y de común utilización. | D14: De acuerdo a las especificaciones remitidas por la Entidad | E14: 1 | G14: ='ANEXO 2 cotizaciones'!Q14 -> 1.3902454e+08 | H14: =ROUND(G14*19%,2) -> 26414662 | I14: =ROUND(G14+H14,2) -> 1.654392e+08 | J14: =ROUND(I14*E14,2) -> 1.654392e+08
A15: 8 | C15: Suministro, transporte, instalación, integración y puesta en funcionamiento de sistema de suplencia de energía trifásico compuesto por planta eléctrica de emergencia y transferencia automática de carga con capacidad de 75 a 80 KVA, voltaje 220/127V., 60 Hz., cumpliendo con la normatividad ambiental, técnica y de seguridad vigente y las recomendaciones del fabricante de los equipos y garantía y mantenimiento por tres (3) años, de acuerdo con lo descrito en la ficha técnica de bienes y servicios de características técnicas uniformes y de común utilización. | D15: De acuerdo a las especificaciones remitidas por la Entidad | E15: 1 | G15: ='ANEXO 2 cotizaciones'!Q15 -> 1.5415369e+08 | H15: =ROUND(G15*19%,2) -> 29289202 | I15: =ROUND(G15+H15,2) -> 1.834429e+08 | J15: =ROUND(I15*E15,2) -> 1.834429e+08
A16: 9 | C16: Suministro, transporte, instalación, integración y puesta en funcionamiento de sistema de suplencia de energía trifásico compuesto por planta eléctrica de emergencia y transferencia automática de carga con capacidad de 120 a 125 KVA, voltaje 220/127V., 60 Hz., cumpliendo con la normatividad ambiental, técnica y de seguridad vigente y las recomendaciones del fabricante de los equipos y garantía y mantenimiento por tres (3) años, de acuerdo con lo descrito en la ficha técnica de bienes y servicios de características técnicas uniformes y de común utilización. | D16: De acuerdo a las especificaciones remitidas por la Entidad | E16: 1 | G16: ='ANEXO 2 cotizaciones'!Q16 -> 2.3082956e+08 | H16: =ROUND(G16*19%,2) -> 43857617 | I16: =ROUND(G16+H16,2) -> 2.7468718e+08 | J16: =ROUND(I16*E16,2) -> 2.7468718e+08
A17: 10 | C17: Suministro, transporte, instalación, integración y puesta en funcionamiento de sistema de suplencia de energía trifásico compuesto por planta eléctrica de emergencia y transferencia automática de carga con capacidad de 150 a 160 KVA, voltaje 220/127V., 60 Hz., cumpliendo con la normatividad ambiental, técnica y de seguridad vigente y las recomendaciones del fabricante de los equipos y garantía y mantenimiento por tres (3) años, de acuerdo con lo descrito en la ficha técnica de bienes y servicios de características técnicas uniformes y de común utilización. | D17: De acuerdo a las especificaciones remitidas por la Entidad | E17: 1 | G17: ='ANEXO 2 cotizaciones'!Q17 -> 2.4995035e+08 | H17: =ROUND(G17*19%,2) -> 47490566 | I17: =ROUND(G17+H17,2) -> 2.9744091e+08 | J17: =ROUND(I17*E17,2) -> 2.9744091e+08
A18: 11 | C18: Suministro, transporte, instalación, integración y puesta en funcionamiento de sistema de suplencia de energía trifásico compuesto por planta eléctrica de emergencia y transferencia automática de carga con capacidad de 250 a 260 KVA, voltaje 220/127V., 60 Hz., cumpliendo con la normatividad ambiental, técnica y de seguridad vigente y las recomendaciones del fabricante de los equipos y garantía y mantenimiento por tres (3) años, de acuerdo con lo descrito en la ficha técnica de bienes y servicios de características técnicas uniformes y de común utilización. | D18: De acuerdo a las especificaciones remitidas por la Entidad | E18: 1 | G18: ='ANEXO 2 cotizaciones'!Q18 -> 3.5693259e+08 | H18: =ROUND(G18*19%,2) -> 67817191 | I18: =ROUND(G18+H18,2) -> 4.2474978e+08 | J18: =ROUND(I18*E18,2) -> 4.2474978e+08
A19: 12 | C19: Suministro, transporte, instalación, integración y puesta en funcionamiento de sistema de suplencia de energía trifásico compuesto por planta eléctrica de emergencia y transferencia automática de carga con capacidad de 300 a 320 KVA, voltaje 220/127V., 60 Hz., cumpliendo con la normatividad ambiental, técnica y de seguridad vigente y las recomendaciones del fabricante de los equipos y garantía y mantenimiento por tres (3) años, de acuerdo con lo descrito en la ficha técnica de bienes y servicios de características técnicas uniformes y de común utilización. | D19: De acuerdo a las especificaciones remitidas por la Entidad | E19: 1 | G19: ='ANEXO 2 cotizaciones'!Q19 -> 4.1525209e+08 | H19: =ROUND(G19*19%,2) -> 78897897 | I19: =ROUND(G19+H19,2) -> 4.9414999e+08 | J19: =ROUND(I19*E19,2) -> 4.9414999e+08
B20: VALOR TOTAL | G20: TOTAL GRUPO I: ADQUISICIÓN SISTEMAS DE SUPLENCIA DE ENERGÍA ELECTRICA COMPUESTOS POR PLANTAS ELECTRICAS DE EMERGENCIA Y TRANSFERENCIAS AUTOMÁTICAS DE CARGA | J20: =SUM(J8:J19) -> 2.5125077e+09
A24: FECHA ELABORACIÓN: JUNIO 25 DE 2026

Sheet ANEXO 3 GRUPO II
A2: ANEXO 3 - GRUPO II
B3: RESULTADO DEL ANÁLISIS DE COSTOS BASADO EN OFERTAS ECONÓMICAS.
B4: “ADQUIRIR, INSTALAR Y PONER EN FUNCIONAMIENTO SISTEMAS DE RESPALDO ENERGÉTICO ASÍ: GRUPO I: ADQUISICIÓN SISTEMAS DE SUPLENCIA DE ENERGÍA COMPUESTOS POR PLANTAS ELECTRICAS DE EMERGENCIA Y TRANSFERENCIAS AUTOMÁTICAS DE CARGA PARA SEDES DE LA FISCALÍA GENERAL DE LA NACIÓN A NIVEL NACIONAL. GRUPO II: COMPRAVENTA, TRANSPORTE, INSTALACIÓN, INTEGRACIÓN Y PUESTA EN FUNCIONAMIENTO DE UPSs PARA EL NIVEL CENTRAL DE LA FISCALÍA GENERAL DE LA NACIÓN. GRUPO III: PRESTAR EL SERVICIO DE MANTENIMIENTO PREVENTIVO Y CORRECTIVO TÉCNICO INTEGRAL ESPECIALIZADO CON SUMINISTRO DE INSUMOS Y REPUESTOS PARA LAS UPS MARCA VERTIV-LIEBERT DEL NIVEL CENTRAL DE LA FISCALÍA GENERAL DE LA NACIÓN..”
A5: ÍTEM | B5: UNIDAD DE MEDIDA | D5: CANTIDAD | E5: ESPECIFICACIONES | G5: VALOR SELECCIONADO
B7: GRUPO II: ADQUISICIÓN UPSs TRIFÁSICAS ENTRE 20 Y 100 KVA | G7: VALOR UNITARIO | H7: IVA | I7: VALOR UNITARIO CON IVA | J7: VALOR TOTAL INCLUIDO IVA
A8: 1 | C8: Suministro, transporte, instalación, integración y puesta en funcionamiento de UPS Trifásica de 20 KVA, tecnología Online, modular, con posibilidad de ampliación a futuro hasta 40 KVA, con bypass estático interno, incluye: Tarjeta de Red con RJ45 SNMP. Voltaje de entrada y salida 120/208V., 60 Hz., desmonte y traslado de equipos existentes, suministro e instalación de tablero de by pass manual externo, acometidas necesarias para su correcta instalación y buen funcionamiento, todo acorde con la capacidad de la UPS y garantía y mantenimiento por tres (3) años, de acuerdo con lo descrito en la ficha técnica de bienes y servicios de características técnicas uniformes y de común utilización | D8: 2 | E8: De acuerdo a las especificaciones remitidas por la Entidad | G8: ='ANEXO 2 cotizaciones'!Q22 -> 1.6378704e+08 | H8: =ROUND(G8*19%,2) -> 31119537 | I8: =ROUND(G8+H8,2) -> 1.9490658e+08 | J8: =ROUND(I8*D8,2) -> 3.8981315e+08
A9: 2 | C9: Suministro, transporte, instalación, integración y puesta en funcionamiento de un sistema compuesto por dos (2) UPS Trifásica de 40 KVA, frame 40 KVA, tecnología Online, modular, con bypass estático interno, tarjeta de Red con RJ45 SNMP. Voltaje de entrada y salida 120/208V., 60 Hz., desmonte y traslado de equipos existentes, suministro e instalación de tablero de by pass manual externo y conexión paralelo en configuración N+1 de las UPS. Incluye levantamiento de planos arquitectónicos básicos y eléctricos del laboratorio, se entregan diagramas existentes y futuros con la descripción detallada de los ajustes necesarios para dejar la instalación con el cumplimiento de la norma Colombiana vigente, modificaciones básicas de señalización y barreras de protección, al igual que la acometida de alimentación a tablero de distribución en pasillo y las acometidas necesarias para su correcta instalación y buen funcionamiento, todo acorde con la capacidad de las UPSs y garantía y mantenimiento por tres (3) años, de acuerdo con lo descrito en la ficha técnica de bienes y servicios de características técnicas uniformes y de común utilización. | D9: 1 | E9: De acuerdo a las especificaciones remitidas por la Entidad | G9: ='ANEXO 2 cotizaciones'!Q23 -> 4.1528913e+08 | H9: =ROUND(G9*19%,2) -> 78904934 | I9: =ROUND(G9+H9,2) -> 4.9419406e+08 | J9: =ROUND(I9*D9,2) -> 4.9419406e+08
A10: 3 | C10: Suministro, transporte, instalación, integración y puesta en funcionamiento de UPS Trifásica de 100 KVA, tecnología Online, modular, con bypass estático interno, incluye: Tarjeta de Red con RJ45 SNMP. Voltaje de entrada y salida 120/208V., 60 Hz., desmonte y traslado de equipos existentes, suministro e instalación de tablero de by pass manual externo, acometidas necesarias para su correcta instalación y buen funcionamiento, todo acorde con la capacidad de la UPS y garantía y mantenimiento por tres (3) años, de acuerdo con l descrito en la ficha técnica de bienes y servicios de características técnicas uniformes y de común utilización. | D10: 1 | E10: De acuerdo a las especificaciones remitidas por la Entidad | G10: ='ANEXO 2 cotizaciones'!Q24 -> 4.5626542e+08 | H10: =ROUND(G10*19%,2) -> 86690429 | I10: =ROUND(G10+H10,2) -> 5.4295585e+08 | J10: =ROUND(I10*D10,2) -> 5.4295585e+08
H11: TOTAL GRUPO II: ADQUISICIÓN UPSs TRIFÁSICAS ENTRE 20 Y 100 KVA | J11: =SUM(J8:J10) -> 1.4269631e+09
A13: FECHA DE ELABORACIÓN : JUNIO 25 DE 2026

Sheet ANEXO 3 GRUPO III
A2: ANEXO 3 - GRUPO III
B3: RESULTADO DEL ANÁLISIS DE COSTOS BASADO EN OFERTAS ECONÓMICAS.
B4: “ADQUIRIR, INSTALAR Y PONER EN FUNCIONAMIENTO SISTEMAS DE RESPALDO ENERGÉTICO ASÍ: GRUPO I: ADQUISICIÓN SISTEMAS DE SUPLENCIA DE ENERGÍA COMPUESTOS POR PLANTAS ELECTRICAS DE EMERGENCIA Y TRANSFERENCIAS AUTOMÁTICAS DE CARGA PARA SEDES DE LA FISCALÍA GENERAL DE LA NACIÓN A NIVEL NACIONAL. GRUPO II: COMPRAVENTA, TRANSPORTE, INSTALACIÓN, INTEGRACIÓN Y PUESTA EN FUNCIONAMIENTO DE UPSs PARA EL NIVEL CENTRAL DE LA FISCALÍA GENERAL DE LA NACIÓN. GRUPO III: PRESTAR EL SERVICIO DE MANTENIMIENTO PREVENTIVO Y CORRECTIVO TÉCNICO INTEGRAL ESPECIALIZADO CON SUMINISTRO DE INSUMOS Y REPUESTOS PARA LAS UPS MARCA VERTIV-LIEBERT DEL NIVEL CENTRAL DE LA FISCALÍA GENERAL DE LA NACIÓN..”
A5: ÍTEM | B5: UNIDAD DE MEDIDA | D5: CANTIDAD | E5: ESPECIFICACIONES | G5: VALOR SELECCIONADO
B7: GRUPO III: MANTENIMIENTO UPS MARCA VERTIV-LIEBERT | G7: VALOR UNITARIO | H7: IVA | I7: VALOR UNITARIO CON IVA | J7: VALOR TOTAL INCLUIDO IVA
A8: 1 | C8: Mantenimiento preventivo y correctivo técnico integral especializado con suministro de insumos y repuestos para UPS marca VERTIV-LIEBERT, referencia eXM de 20 KVA, incluye cambio de banco de baterías de 12 V., 17 Ah., x 24 unidades, garantía y mantenimiento por tres (3) años, según cantidades, especificaciones y características descritas en la ficha técnica anexa. | D8: 1 | E8: De acuerdo a las especificaciones remitidas por la Entidad | G8: ='ANEXO 2 cotizaciones'!Q27 -> 11299853 | H8: =ROUND(G8*19%,2) -> 2146972.1 | I8: =ROUND(G8+H8,2) -> 13446826 | J8: =ROUND(I8*D8,2) -> 13446826
A9: 2 | C9: Mantenimiento preventivo y correctivo técnico integral especializado con suministro de insumos y repuestos para UPS marca VERTIV-LIEBERT, referencia eXM de 20 KVA, incluye cambio de banco de baterías de 12 V., 26 Ah., x 24 unidades, garantía y mantenimiento por tres (3) años, según cantidades, especificaciones y características descritas en la ficha técnica anexa. | D9: 2 | E9: De acuerdo a las especificaciones remitidas por la Entidad | G9: ='ANEXO 2 cotizaciones'!Q28 -> 14237435 | H9: =ROUND(G9*19%,2) -> 2705112.7 | I9: =ROUND(G9+H9,2) -> 16942548 | J9: =ROUND(I9*D9,2) -> 33885096
A10: 3 | C10: Mantenimiento preventivo y correctivo técnico integral especializado con suministro de insumos y repuestos para dos (2) UPSs marca VERTIV-LIEBERT, referencia eXM de 40 KVA, en configuración paralelo N+1, incluye cambio de un (1) ventilador principal del gabinete de una de las UPSs, garantía y mantenimiento por tres (3) años, según cantidades, especificaciones y características descritas en la ficha técnica anexa | D10: 1 | E10: De acuerdo a las especificaciones remitidas por la Entidad | G10: ='ANEXO 2 cotizaciones'!Q29 -> 25913709 | H10: =ROUND(G10*19%,2) -> 4923604.7 | I10: =ROUND(G10+H10,2) -> 30837313 | J10: =ROUND(I10*D10,2) -> 30837313
A11: 4 | C11: Mantenimiento preventivo y correctivo técnico integral especializado con suministro de insumos y repuestos para UPS marca VERTIV-LIEBERT, referencia eXM de 40 KVA, incluye cambio de banco de baterías de 12 V., 55 Ah., x 24 unidades, garantía y mantenimiento por tres (3) años, según cantidades, especificaciones y características descritas en la ficha técnica anexa. | D11: 2 | E11: De acuerdo a las especificaciones remitidas por la Entidad | G11: ='ANEXO 2 cotizaciones'!Q30 -> 28494942 | H11: =ROUND(G11*19%,2) -> 5414039 | I11: =ROUND(G11+H11,2) -> 33908981 | J11: =ROUND(I11*D11,2) -> 67817962
A12: 5 | C12: Mantenimiento preventivo y correctivo técnico integral especializado con suministro de insumos y repuestos para UPS marca VERTIV-LIEBERT, referencia NXr de 60 KVA, incluye garantía y mantenimiento por tres (3) años, según cantidades, especificaciones y características descritas en la ficha técnica anexa. | D12: 1 | E12: De acuerdo a las especificaciones remitidas por la Entidad | G12: ='ANEXO 2 cotizaciones'!Q31 -> 9211056.6 | H12: =ROUND(G12*19%,2) -> 1750100.8 | I12: =ROUND(G12+H12,2) -> 10961157 | J12: =ROUND(I12*D12,2) -> 10961157
A13: 6 | C13: Mantenimiento preventivo y correctivo técnico integral especializado con suministro de insumos y repuestos para UPS marca VERTIV-LIEBERT, referencia eXM de 60 KVA, incluye cambio de banco de baterías de 12 V., 80 Ah., x 24 unidades, garantía y mantenimiento por tres (3) años, según cantidades, especificaciones y características descritas en la ficha técnica anexa. | D13: 4 | E13: De acuerdo a las especificaciones remitidas por la Entidad | G13: ='ANEXO 2 cotizaciones'!Q32 -> 41716571 | H13: =ROUND(G13*19%,2) -> 7926148.5 | I13: =ROUND(G13+H13,2) -> 49642720 | J13: =ROUND(I13*D13,2) -> 1.9857088e+08
A14: 7 | C14: Mantenimiento preventivo y correctivo técnico integral especializado con suministro de insumos y repuestos para UPS marca VERTIV-LIEBERT, referencia eXM de 80 KVA, incluye cambio de banco de baterías de 12 V., 120 Ah., x 24 unidades, garantía y mantenimiento por tres (3) años, según cantidades, especificaciones y características descritas en la ficha técnica anexa. | D14: 1 | E14: De acuerdo a las especificaciones remitidas por la Entidad | G14: ='ANEXO 2 cotizaciones'!Q33 -> 50732989 | H14: =ROUND(G14*19%,2) -> 9639267.8 | I14: =ROUND(G14+H14,2) -> 60372257 | J14: =ROUND(I14*D14,2) -> 60372257
A15: 8 | C15: Mantenimiento preventivo y correctivo técnico integral especializado con suministro de insumos y repuestos para UPS marca VERTIV-LIEBERT, referencia eXM de 100 KVA, incluye cambio de banco de baterías de 12 V., 150 Ah., x 24 unidades, garantía y mantenimiento por tres (3) años, según cantidades, especificaciones y características descritas en la ficha técnica anexa. | D15: 1 | E15: De acuerdo a las especificaciones remitidas por la Entidad | G15: ='ANEXO 2 cotizaciones'!Q34 -> 61383227 | H15: =ROUND(G15*19%,2) -> 11662813 | I15: =ROUND(G15+H15,2) -> 73046041 | J15: =ROUND(I15*D15,2) -> 73046041
A16: 9 | C16: Suministro e instalación de módulo de 20 KVA para UPS marca VERTIV-LIEBERT, referencia eXM, incluye reprogramación del equipo, garantía y mantenimiento por tres (3) años, según cantidades, especificaciones y características descritas en la ficha técnica anexa. NOTA: No incluye cambio de banco de baterías. | D16: 1 | E16: De acuerdo a las especificaciones remitidas por la Entidad | G16: ='ANEXO 2 cotizaciones'!Q35 -> 35399255 | H16: =ROUND(G16*19%,2) -> 6725858.5 | I16: =ROUND(G16+H16,2) -> 42125114 | J16: =ROUND(I16*D16,2) -> 42125114
B17: VALOR TOTAL | H17: GRUPO III: MANTENIMIENTO UPS MARCA VERTIV-LIEBERT | J17: =SUM(J8:J16) -> 5.3106264e+08
A20: FECHA DE ELABORACIÓN: JUNIO 25 DE 2026

Sheet OFERTA ECONÓMICA - CONSOLIDADA
B1: OFERTA ECONOMICA CONSOLIDADA
D3: “ADQUIRIR, INSTALAR Y PONER EN FUNCIONAMIENTO SISTEMAS DE RESPALDO ENERGÉTICO ASÍ: GRUPO I: ADQUISICIÓN SISTEMAS DE SUPLENCIA DE ENERGÍA COMPUESTOS POR PLANTAS ELECTRICAS DE EMERGENCIA Y TRANSFERENCIAS AUTOMÁTICAS DE CARGA PARA SEDES DE LA FISCALÍA GENERAL DE LA NACIÓN A NIVEL NACIONAL. GRUPO II: COMPRAVENTA, TRANSPORTE, INSTALACIÓN, INTEGRACIÓN Y PUESTA EN FUNCIONAMIENTO DE UPSs PARA EL NIVEL CENTRAL DE LA FISCALÍA GENERAL DE LA NACIÓN. GRUPO III: PRESTAR EL SERVICIO DE MANTENIMIENTO PREVENTIVO Y CORRECTIVO TÉCNICO INTEGRAL ESPECIALIZADO CON SUMINISTRO DE INSUMOS Y REPUESTOS PARA LAS UPS MARCA VERTIV-LIEBERT DEL NIVEL CENTRAL DE LA FISCALÍA GENERAL DE LA NACIÓN..”
J7: OFERTA ECONÓMICA CONSOLIDADA
B8: DESCRIPCIÓN | J8: VALOR UNITARIO INCLUIDO IVA Y TODOS LOS COSTOS
B9: GRUPO I: ADQUISICIÓN SISTEMAS DE SUPLENCIA DE ENERGÍA ELECTRICA COMPUESTOS POR PLANTAS ELECTRICAS DE EMERGENCIA Y TRANSFERENCIAS AUTOMÁTICAS DE CARGA | J9: ='ANEXO 3 GRUPO I'!J20 -> 2.5125077e+09
B10: GRUPO II: ADQUISICIÓN UPSs TRIFÁSICAS ENTRE 20 Y 100 KVA | J10: ='ANEXO 3 GRUPO II'!J11 -> 1.4269631e+09
B11: GRUPO III: MANTENIMIENTO UPS MARCA VERTIV-LIEBERT | J11: ='ANEXO 3 GRUPO III'!J17 -> 5.3106264e+08
B12: TOTAL | J12: =ROUND(SUM(J9:K11),2) -> 4.4705334e+09
